 Dungeon Crawl Stone Soup version 0.29.0-4-gdea44cf6ec (webtiles) character file.

Game seed: 14817178599118756780

12680 qw the Brawler (level 11, 106/106 HPs)
             Began as a Troll Cinder Acolyte on Aug 30, 2022.
             Was an Initiate of Ignis.
             Quit the game on level 1 of the Lair of Beasts.
             The game lasted 00:09:59 (9323 turns).

qw the Brawler (Troll Cinder Acolyte)               Turns: 9323, Time: 00:09:59

Health: 106/106    AC: 18    Str: 31    XL:     11   Next: 65%
Magic:  11/11      EV: 11    Int:  6    God:    Ignis [......]
Gold:   331        SH:  5    Dex: 14    Spells: 12/12 levels left

rFire   + . .      SeeInvis .     - Unarmed
rCold   . . .      Faith    .   (no shield)
rNeg    . . .      Spirit   .   m - +2 acid dragon scales
rPois   .          Reflect  +   a - +2 hat
rElec   .          Harm     .   b - +0 cloak
rCorr   +          Rampage  .   (gloves unavailable)
Will    .....                   (boots unavailable)
Stlth   +.........              t - amulet of reflection
HPRegen 1.07/turn               g - +4 ring of protection
MPRegen 0.12/turn               k - +6 ring of dexterity

@: no status effects
A: large, unfitting armour, claws 3, regeneration 1, shaggy fur 1, tough skin 1,
agile 1, dopey 1, strong 1
a: Renounce Religion, Rising Flame


You were on level 1 of the Lair of Beasts.
You worshipped Ignis.
Ignis was noncommittal.
You visited 2 branches of the dungeon, and saw 9 of its levels.

You collected 382 gold pieces.
You spent 51 gold pieces at shops.


Innate Abilities, Weirdness & Mutations

You are too large for most types of armour.
You have claws for hands.
Your natural rate of healing is unusually fast.
You are covered in fur. (AC +1)
You have tough skin. (AC +1)
You are agile. (Dex +4, Str/Int -1)
You are dopey. (Int -2)
Your muscles are strong. (Str +4, Int/Dex -1)


   Skills:
 - Level 6.3 Fighting
 - Level 5.1 Throwing
 - Level 4.0 Armour
 - Level 4.1 Dodging
 + Level 15.0 Unarmed Combat
 - Level 1.0 Spellcasting
 - Level 2.1 Fire Magic


You had 12 spell levels left.
You didn't know any spells.
Your spell library contained the following spells:

 Spells                   Type           Power      Damage    Failure   Level
 Scorch                   Fire           4%         2d5       32%         2

Inventory:

Missiles
 l - 7 boomerangs
 q - 6 javelins (quivered)
Armour
 a - a +2 hat (worn)
 b - a +0 cloak (worn)
 m - +2 acid dragon scales (worn)
Jewellery
 g - a +4 ring of protection (left claw)
 k - a +6 ring of dexterity (right claw)
 t - an amulet of reflection (around neck)
Scrolls
 f - a scroll of identify
Potions
 c - a potion of haste
 d - a potion of heal wounds
 e - a potion of resistance
 h - 3 potions of curing
 j - 2 potions of mutation
 n - a potion of cancellation {unknown}
 p - a potion of invisibility {unknown}

Dungeon Overview and Level Annotations

Branches:
Dungeon (8/15)             Temple (0/1) D:7            Lair (1/5) D:8

Altars:
Dithmenos
Elyvilon
Fedhas
Kikubaaqudgha
Makhleb
Nemelex Xobeh
Okawaru
Ru
Wu Jian

Shops:
D:2 *   D:3 =


Message History

9284 ||| Stepping randomly (stuck).
9285 ||| Stepping randomly (stuck).
9286 ||| Stepping randomly (stuck).
9287 ||| Stepping randomly (stuck).
9288 ||| Stepping randomly (stuck).
9289 ||| Stepping randomly (stuck).
9290 ||| Stepping randomly (stuck).
9291 ||| Stepping randomly (stuck).
9292 ||| Stepping randomly (stuck).
9293 ||| Stepping randomly (stuck).
9294 ||| Stepping randomly (stuck).
9295 ||| Stepping randomly (stuck).
9296 ||| Stepping randomly (stuck).
9297 ||| Stepping randomly (stuck).
9298 ||| Stepping randomly (stuck).
9299 ||| Stepping randomly (stuck).
9300 ||| Stepping randomly (stuck).
9301 ||| Stepping randomly (stuck).
9302 ||| Stepping randomly (stuck).
9303 ||| Stepping randomly (stuck).
9304 ||| Stepping randomly (stuck).
9305 ||| Stepping randomly (stuck).
9306 ||| Stepping randomly (stuck).
9307 ||| Stepping randomly (stuck).
9308 ||| Stepping randomly (stuck).
9309 ||| Stepping randomly (stuck).
9310 ||| Stepping randomly (stuck).
9311 ||| Stepping randomly (stuck).
9312 ||| Stepping randomly (stuck).
9313 ||| Stepping randomly (stuck).
9314 ||| Stepping randomly (stuck).
9315 ||| Stepping randomly (stuck).
9316 ||| Stepping randomly (stuck).
9317 ||| Stepping randomly (stuck).
9318 ||| Stepping randomly (stuck).
9319 ||| Stepping randomly (stuck).
9320 ||| Stepping randomly (stuck).
9321 ||| Stepping randomly (stuck).
9322 ||| Stepping randomly (stuck).
Are you sure you want to abandon this character and quit the game? (Confirm with "yes".)

#....#...#..#.##....
##..................
#......(....####...
##.#..P..P..##.#...
#.#.P....P........
#.P.P.....PPP####.
#.P....PPPP..###..
##...PP..P...P.###.
#.@..PPP....P.#.##.
##..P.PP.....P.....
#..P.....P...####.
#.#.P.PPPP........
###.###.P.P.#.......
#....###.#...#######
##...........# #
#...###.#..## ####
##### ###..# #...


There were no monsters in sight!

Vanquished Creatures
  Gastronok (D:8)
  2 hydras
  Urug (Lair:1)
  An orc knight (D:7)
  An oklob plant (Lair:1)
  A black mamba (Lair:1)
  4 cane toads (Lair:1)
  An unseen horror (D:6)
  Maggie (D:8)
  A troll (D:8)
  A polar bear (Lair:1)
  A slime creature (D:7)
  8 yaks (Lair:1)
  A warg (D:7)
  Edmund (D:4)
  3 water moccasins
  3 ice beasts
  2 orc warriors
  A black bear (D:4)
  2 sky beasts
  3 wolves (D:8)
  2 ogres
  4 centaurs
  3 kobold brigands
  3 necrophages
  5 scorpions
  9 bullfrogs
  3 wights (D:8)
  17 killer bees
  5 electric eels (D:8)
  2 howler monkeys (D:6)
  5 orc priests
  9 hounds
  2 jellies
  A gnoll bouda (D:7)
  2 iguanas
  2 orc wizards
  7 gnolls
  2 adders
  2 shadow imps
  3 white imps
  4 ufetubi
  5 worms
  A dart slug (D:5)
  21 orcs
  3 ball pythons
  6 bats (D:1)
  A bat zombie (D:6)
  6 endoplasms
  6 giant cockroaches
  5 goblins
  6 hobgoblins
  A jackal (D:2)
  3 quokkas
  9 frilled lizards (D:1)
  19 kobolds
  A rat zombie (D:6)
225 creatures vanquished.

Vanquished Creatures (others)
  An orc (D:8)
  2 fungi (Lair:1)
  32 plants
35 creatures vanquished.

Grand Total: 260 creatures vanquished

Notes
Turn   | Place    | Note
-------+----------+-------------------------------------------
     0 | D:1      | qw the Troll Cinder Acolyte began the quest for the Orb.
     0 | D:1      | Reached XP level 1. HP: 22/22 MP: 1/1
     0 | D:1      | 0 ||| qw: Version: 0.1-a-95-gae9e614
     0 | D:1      | 0 ||| qw: Game counter: 4418
     0 | D:1      | 0 ||| qw: Always use a shield: true
     0 | D:1      | 0 ||| qw: God list: Okawaru
     0 | D:1      | 0 ||| qw: Allow faded altars: false
     0 | D:1      | 0 ||| qw: Do Orc after D:15 true
     0 | D:1      | 0 ||| qw: Do second Lair branch before Depths: true
     0 | D:1      | 0 ||| qw: Lair rune preference: random
     0 | D:1      | 0 ||| qw: Plans: Normal
     0 | D:1      | 0 ||| PLANNING D:1-11
   152 | D:1      | Reached XP level 2. HP: 29/29 MP: 2/2
   170 | D:1      | 170 ||| Stepping ~*~*~tactically~*~*~ (outnumbered).
   171 | D:1      | 171 ||| Stepping ~*~*~tactically~*~*~ (outnumbered).
   172 | D:1      | 172 ||| Stepping ~*~*~tactically~*~*~ (outnumbered).
   173 | D:1      | 173 ||| Stepping ~*~*~tactically~*~*~ (outnumbered).
   174 | D:1      | 174 ||| Stepping ~*~*~tactically~*~*~ (outnumbered).
   175 | D:1      | 175 ||| Stepping ~*~*~tactically~*~*~ (outnumbered).
   176 | D:1      | 176 ||| Stepping ~*~*~tactically~*~*~ (outnumbered).
   177 | D:1      | 177 ||| Stepping ~*~*~tactically~*~*~ (stealth).
   180 | D:1      | 180 ||| Stepping ~*~*~tactically~*~*~ (outnumbered).
   222 | D:1      | 222 ||| Stepping ~*~*~tactically~*~*~ (stealth).
   227 | D:1      | 227 ||| Stepping ~*~*~tactically~*~*~ (stealth).
   229 | D:1      | 229 ||| Stepping ~*~*~tactically~*~*~ (stealth).
   237 | D:1      | 237 ||| Stepping ~*~*~tactically~*~*~ (stealth).
   241 | D:1      | 241 ||| Stepping ~*~*~tactically~*~*~ (stealth).
   242 | D:1      | 242 ||| Stepping ~*~*~tactically~*~*~ (stealth).
   243 | D:1      | 243 ||| Stepping ~*~*~tactically~*~*~ (stealth).
   440 | D:1      | Reached skill level 4 in Unarmed Combat
   755 | D:1      | 755 ||| READING 2 scrolls labelled UPAGUCRAFAA.
   756 | D:1      | 756 ||| READING 2 scrolls labelled EPEHYA JASYME.
   760 | D:1      | 760 ||| READING scroll labelled FIQ VOGETOWO.
   777 | D:2      | 777 ||| Stepping ~*~*~tactically~*~*~ (stealth).
   778 | D:2      | 778 ||| Stepping ~*~*~tactically~*~*~ (stealth).
   791 | D:2      | Reached XP level 3. HP: 35/36 MP: 3/3
   820 | D:2      | Found Mofihel's Assorted Antiques.
   831 | D:2      | 831 ||| Stepping ~*~*~tactically~*~*~ (stealth).
   843 | D:2      | 843 ||| BUYING metallic clear potion (17 gold).
   843 | D:2      | Bought a metallic clear potion for 17 gold pieces
   843 | D:2      | 843 ||| BUYING metallic clear potion (17 gold).
   843 | D:2      | Bought a metallic clear potion for 17 gold pieces
   843 | D:2      | 843 ||| BUYING metallic clear potion (17 gold).
   843 | D:2      | Bought a metallic clear potion for 17 gold pieces
   843 | D:2      | 843 ||| SHOPLISTING murky dark potion (17 gold, have 11).
   843 | D:2      | 843 ||| SHOPLISTING pink potion (17 gold, have 11).
   843 | D:2      | 843 ||| SHOPLISTING scroll labelled XUCOLEXION (19 gold,
                  | have 11).
   843 | D:2      | 843 ||| SHOPLISTING scroll of identify (38 gold, have 11).
  1208 | D:2      | Found a faded altar of an unknown god.
  1440 | D:2      | 1440 ||| READING scroll labelled XUCOLEXION.
  1441 | D:2      | 1441 ||| DRINKING 3 metallic clear potions.
  1442 | D:2      | 1442 ||| READING 4 scrolls of identify.
  1442 | D:2      | 1442 ||| IDENTIFYING ruby potion
  1443 | D:2      | 1443 ||| READING 3 scrolls of identify.
  1443 | D:2      | 1443 ||| IDENTIFYING bubbling ruby potion
  1444 | D:2      | 1444 ||| READING 2 scrolls of identify.
  1444 | D:2      | 1444 ||| IDENTIFYING bubbling cyan potion
  1445 | D:2      | 1445 ||| DROPPING potion of brilliance.
  1548 | D:3      | 1548 ||| Stepping ~*~*~tactically~*~*~ (stealth).
  1558 | D:3      | 1558 ||| Stepping ~*~*~tactically~*~*~ (outnumbered).
  1559 | D:3      | 1559 ||| Stepping ~*~*~tactically~*~*~ (outnumbered).
  1560 | D:3      | 1560 ||| Stepping ~*~*~tactically~*~*~ (outnumbered).
  1564 | D:3      | 1564 ||| Stepping ~*~*~tactically~*~*~ (outnumbered).
  1566 | D:3      | 1566 ||| Stepping ~*~*~tactically~*~*~ (outnumbered).
  1567 | D:3      | 1567 ||| Stepping ~*~*~tactically~*~*~ (outnumbered).
  1569 | D:3      | 1569 ||| Stepping ~*~*~tactically~*~*~ (outnumbered).
  1574 | D:3      | Reached skill level 1 in Throwing
  1586 | D:3      | 1586 ||| Stepping ~*~*~tactically~*~*~ (hiding).
  1587 | D:3      | 1587 ||| Stepping ~*~*~tactically~*~*~ (hiding).
  1588 | D:3      | 1588 ||| INVOKING Fiery Armour.
  1594 | D:3      | Reached skill level 5 in Unarmed Combat
  1594 | D:3      | Reached XP level 4. HP: 24/44 MP: 4/4
  1603 | D:3      | Reached XP level 5. HP: 21/50 MP: 5/5
  1683 | D:3      | Reached skill level 6 in Unarmed Combat
  2028 | D:3      | Found Pufoux's Jewellery Shop.
  2034 | D:3      | 2034 ||| SHOPLISTING +4 ring of evasion (468 gold, have
                  | 63).
  2034 | D:3      | 2034 ||| SHOPLISTING +6 ring of dexterity (468 gold, have
                  | 63).
  2034 | D:3      | 2034 ||| SHOPLISTING amulet of the acrobat (390 gold, have
                  | 63).
  2034 | D:3      | 2034 ||| SHOPLISTING ring "Imuthryl" {rF++ AC+4 Str+3
                  | Int+6} (1032 gold, have 63).
  2034 | D:3      | 2034 ||| SHOPLISTING ring of positive energy (260 gold,
                  | have 63).
  2034 | D:3      | 2034 ||| SHOPLISTING ring of protection from fire (325
                  | gold, have 63).
  2210 | D:3      | 2210 ||| DRINKING 2 murky dark potions.
  2263 | D:4      | 2263 ||| STAIRDANCE
  2271 | D:4      | 2271 ||| STAIRDANCE
  2278 | D:4      | 2278 ||| STAIRDANCE
  2360 | D:4      | Found an iron altar of Okawaru.
  2364 | D:4      | 2364 ||| INVOKING Fiery Armour.
  2372 | D:4      | Reached XP level 6. HP: 59/59 MP: 6/6
  2506 | D:4      | Noticed Edmund
  2512 | D:4      | 2512 ||| Stepping ~*~*~tactically~*~*~ (outnumbered).
  2513 | D:4      | 2513 ||| Stepping ~*~*~tactically~*~*~ (outnumbered).
  2517 | D:4      | Killed Edmund
  2518 | D:4      | 2518 ||| FLEEEEING.
  2561 | D:4      | 2561 ||| Stepping ~*~*~tactically~*~*~ (stealth).
  2566 | D:4      | Reached skill level 7 in Unarmed Combat
  2928 | D:4      | 2928 ||| Stepping ~*~*~tactically~*~*~ (stealth).
  2929 | D:4      | 2929 ||| Stepping ~*~*~tactically~*~*~ (stealth).
  2936 | D:4      | Reached XP level 7. HP: 66/66 MP: 7/7
  3107 | D:4      | 3107 ||| UPGRADING to amulet of reflection.
  3112 | D:4      | 3112 ||| READING scroll labelled QUM MITAIS.
  3113 | D:4      | 3113 ||| READING scroll labelled ZILU GOURORGHU.
  3114 | D:4      | 3114 ||| READING scroll labelled GUASEUNIOL.
  3115 | D:4      | 3115 ||| DRINKING 2 glowing dark potions.
  3116 | D:4      | 3116 ||| READING 2 scrolls of identify.
  3116 | D:4      | 3116 ||| IDENTIFYING emerald potion
  3117 | D:4      | 3117 ||| DROPPING potion of magic.
  3118 | D:4      | 3118 ||| DROPPING potion of ambrosia.
  3134 | D:5      | Entered Level 5 of the Dungeon
  3142 | D:5      | Reached skill level 8 in Unarmed Combat
  3151 | D:5      | Found a burning altar of Makhleb.
  3152 | D:5      | Found a white marble altar of Elyvilon.
  3153 | D:5      | Found a sacrificial altar of Ru.
  3217 | D:5      | 3217 ||| Stepping ~*~*~tactically~*~*~ (hiding).
  3218 | D:5      | 3218 ||| Stepping ~*~*~tactically~*~*~ (hiding).
  3411 | D:5      | 3411 ||| Stepping ~*~*~tactically~*~*~ (outnumbered).
  3412 | D:5      | 3412 ||| Stepping ~*~*~tactically~*~*~ (outnumbered).
  3413 | D:5      | 3413 ||| Stepping ~*~*~tactically~*~*~ (outnumbered).
  3414 | D:5      | 3414 ||| Stepping ~*~*~tactically~*~*~ (outnumbered).
  3421 | D:5      | Reached skill level 3 in Fighting
  3689 | D:5      | You fall into a shaft and drop 1 floor!
  3709 | D:6      | 3709 ||| READING scroll labelled XOAFFOABRULE.
  3933 | D:5      | Found an ornate altar of the Wu Jian Council.
  4095 | D:5      | 4095 ||| UPGRADING to +4 ring of protection.
  4161 | D:6      | 4161 ||| INVOKING Fiery Armour.
  4162 | D:6      | 4162 ||| Stepping ~*~*~tactically~*~*~ (outnumbered).
  4301 | D:6      | Reached skill level 3 in Throwing
  4301 | D:6      | Reached XP level 8. HP: 75/75 MP: 8/8
  4383 | D:6      | Reached skill level 9 in Unarmed Combat
  4432 | D:6      | Reached skill level 1 in Dodging
  4556 | D:6      | Found an ancient bone altar of Kikubaaqudgha.
  4700 | D:6      | Found a shadowy altar of Dithmenos.
  4813 | D:6      | Reached skill level 10 in Unarmed Combat
  5025 | D:6      | 5025 ||| READING scroll labelled MEMUMYHIGHI.
  5026 | D:6      | 5026 ||| READING 2 scrolls labelled YFEBRA LEPI.
  5027 | D:6      | 5027 ||| DRINKING 2 sedimented grey potions.
  5027 | D:6      | Gained mutation: You are agile. (Dex +4, Str/Int -1)
                  | [potion of mutation]
  5027 | D:6      | Gained mutation: You are dopey. (Int -2) [potion of
                  | mutation]
  5027 | D:6      | Gained mutation: Your muscles are strong. (Str +4, Int/Dex
                  | -1) [potion of mutation]
  5028 | D:6      | 5028 ||| READING 3 scrolls of identify.
  5028 | D:6      | 5028 ||| IDENTIFYING black potion
  5029 | D:6      | 5029 ||| READING 2 scrolls of identify.
  5029 | D:6      | 5029 ||| IDENTIFYING fuming inky potion
  5030 | D:6      | 5030 ||| DROPPING potion of lignification.
  5031 | D:6      | 5031 ||| DROPPING potion of flight.
  5032 | D:6      | 5032 ||| DROPPING scroll of poison.
  5033 | D:6      | 5033 ||| READING 3 scrolls of teleportation.
  5068 | D:7      | 5068 ||| INVOKING Fiery Armour.
  5069 | D:7      | 5069 ||| STAIRDANCE
  5075 | D:7      | 5075 ||| STAIRDANCE
  5096 | D:7      | 5096 ||| STAIRDANCE
  5100 | D:6      | Reached XP level 9. HP: 68/84 MP: 9/9
  5108 | D:6      | Killed an unseen horror
  5109 | D:6      | Reached skill level 11 in Unarmed Combat
  5178 | D:7      | 5178 ||| Stepping ~*~*~tactically~*~*~ (stealth).
  5185 | D:7      | 5185 ||| Stepping ~*~*~tactically~*~*~ (stealth).
  5198 | D:7      | Noticed a seven-headed hydra
  5199 | D:7      | 5199 ||| INVOKING Fiery Armour.
  5206 | D:7      | Killed a nine-headed hydra
  5207 | D:7      | Reached skill level 12 in Unarmed Combat
  5343 | D:7      | Found a staircase to the Ecumenical Temple.
  5387 | D:7      | 5387 ||| Stepping ~*~*~tactically~*~*~ (stealth).
  5399 | D:7      | 5399 ||| Stepping ~*~*~tactically~*~*~ (outnumbered).
  5400 | D:7      | 5400 ||| Stepping ~*~*~tactically~*~*~ (outnumbered).
  5404 | D:7      | 5404 ||| Stepping ~*~*~tactically~*~*~ (hiding).
  5406 | D:7      | 5406 ||| Stepping ~*~*~tactically~*~*~ (hiding).
  5413 | D:7      | Reached XP level 10. HP: 94/94 MP: 10/10
  5529 | D:7      | Found a blossoming altar of Fedhas.
  5674 | D:7      | 5674 ||| Stepping ~*~*~tactically~*~*~ (hiding).
  5900 | D:7      | 5900 ||| Stepping ~*~*~tactically~*~*~ (stealth).
  5901 | D:7      | Noticed an orc knight
  5902 | D:7      | 5902 ||| Stepping ~*~*~tactically~*~*~ (stealth).
  5903 | D:7      | Identified the +2 leather armour "Tewkas" {rF- rN++ Int+4}
  5904 | D:7      | 5904 ||| Stepping ~*~*~tactically~*~*~ (stealth).
  5907 | D:7      | 5907 ||| Stepping ~*~*~tactically~*~*~ (stealth).
  5914 | D:7      | 5914 ||| Stepping ~*~*~tactically~*~*~ (outnumbered).
  5919 | D:7      | 5919 ||| INVOKING Fiery Armour.
  5919 | D:7      | HP: 23/96 [orc knight/+0 dire flail (18)]
  5920 | D:7      | 5920 ||| READING 2 scrolls of teleportation.
  5921 | D:7      | 5921 ||| DRINKING 3 potions of heal wounds.
  5923 | D:7      | 5923 ||| DRINKING 2 potions of heal wounds.
  5971 | D:7      | 5971 ||| FLEEEEING.
  5972 | D:7      | 5972 ||| FLEEEEING.
  5973 | D:7      | 5973 ||| FLEEEEING.
  5974 | D:7      | 5974 ||| FLEEEEING.
  5975 | D:7      | 5975 ||| FLEEEEING.
  5985 | D:7      | Killed an orc knight
  6072 | D:7      | Found a sparkling altar of Nemelex Xobeh.
  6204 | D:7      | 6204 ||| UPGRADING to +6 ring of dexterity.
  6231 | D:8      | 6231 ||| Stepping ~*~*~tactically~*~*~ (stealth).
  6233 | D:8      | 6233 ||| Stepping ~*~*~tactically~*~*~ (stealth).
  6238 | D:8      | 6238 ||| INVOKING Fiery Armour.
  6239 | D:8      | 6239 ||| FLEEEEING.
  6240 | D:8      | 6240 ||| Stepping ~*~*~tactically~*~*~ (stealth).
  6244 | D:8      | Reached skill level 3 in Dodging
  6245 | D:8      | Noticed Maggie
  6246 | D:8      | 6246 ||| Stepping ~*~*~tactically~*~*~ (outnumbered).
  6248 | D:8      | 6248 ||| Stepping ~*~*~tactically~*~*~ (outnumbered).
  6249 | D:8      | 6249 ||| Stepping ~*~*~tactically~*~*~ (outnumbered).
  6284 | D:8      | Killed Maggie
  6285 | D:8      | Reached skill level 13 in Unarmed Combat
  6380 | D:8      | 6380 ||| Stepping ~*~*~tactically~*~*~ (stealth).
  6387 | D:8      | 6387 ||| Stepping ~*~*~tactically~*~*~ (stealth).
  6403 | D:8      | 6403 ||| INVOKING Fiery Armour.
  6473 | D:8      | 6473 ||| Stepping ~*~*~tactically~*~*~ (stealth).
  6475 | D:8      | 6475 ||| Stepping ~*~*~tactically~*~*~ (stealth).
  6477 | D:8      | 6477 ||| Stepping ~*~*~tactically~*~*~ (stealth).
  6480 | D:8      | 6480 ||| Stepping ~*~*~tactically~*~*~ (hiding).
  6481 | D:8      | 6481 ||| Stepping ~*~*~tactically~*~*~ (hiding).
  6486 | D:8      | 6486 ||| Stepping ~*~*~tactically~*~*~ (hiding).
  6513 | D:8      | 6513 ||| Stepping ~*~*~tactically~*~*~ (stealth).
  6517 | D:8      | 6517 ||| Stepping ~*~*~tactically~*~*~ (hiding).
  6524 | D:8      | 6524 ||| INVOKING Fiery Armour.
  6529 | D:8      | Found a staircase to the Lair.
  6530 | D:8      | 6530 ||| Stepping ~*~*~tactically~*~*~ (outnumbered).
  6531 | D:8      | 6531 ||| Stepping ~*~*~tactically~*~*~ (outnumbered).
  6532 | D:8      | 6532 ||| Stepping ~*~*~tactically~*~*~ (outnumbered).
  6538 | D:8      | 6538 ||| FLEEEEING.
  6539 | D:8      | 6539 ||| FLEEEEING.
  6546 | D:8      | 6546 ||| STAIRDANCE
  6571 | D:7      | 6571 ||| UPGRADING to +0 acid dragon scales.
  6581 | D:7      | 6581 ||| DROPPING +0 robe.
  6582 | D:7      | 6582 ||| READING 2 scrolls of enchant armour.
  6582 | D:7      | 6582 ||| ENCHANTING +0 acid dragon scales.
  6583 | D:7      | 6583 ||| READING scroll of enchant armour.
  6583 | D:7      | 6583 ||| ENCHANTING +1 acid dragon scales.
  6584 | D:7      | 6584 ||| READING scroll labelled JOXZEINEPION.
  6601 | D:8      | Reached skill level 1 in Armour
  6728 | D:8      | 6728 ||| Stepping ~*~*~tactically~*~*~ (stealth).
  6731 | D:8      | 6731 ||| Stepping ~*~*~tactically~*~*~ (stealth).
  6860 | D:8      | Noticed Gastronok
  6861 | D:8      | 6861 ||| Stepping ~*~*~tactically~*~*~ (stealth).
  6875 | D:8      | Killed Gastronok
  7008 | D:8      | 7008 ||| Stepping ~*~*~tactically~*~*~ (hiding).
  7037 | D:8      | 7037 ||| Stepping ~*~*~tactically~*~*~ (stealth).
  7039 | D:8      | 7039 ||| Stepping ~*~*~tactically~*~*~ (stealth).
  7237 | D:8      | Reached XP level 11. HP: 102/102 MP: 11/11
  7445 | D:8      | 7445 ||| Stepping ~*~*~tactically~*~*~ (stealth).
  7449 | D:8      | 7449 ||| Stepping ~*~*~tactically~*~*~ (hiding).
  7644 | D:8      | 7644 ||| PLANNING LAIR
  7644 | D:8      | 7644 ||| UPGRADING to +2 hat.
  7649 | D:8      | 7649 ||| UPGRADING to +0 cloak.
  7654 | D:8      | 7654 ||| READING 2 scrolls of identify.
  7654 | D:8      | 7654 ||| IDENTIFYING silvery potion
  7655 | D:8      | 7655 ||| DROPPING potion of attraction.
  7684 | Lair:1   | Entered Level 1 of the Lair of Beasts
  7688 | Lair:1   | Reached skill level 14 in Unarmed Combat
  7715 | Lair:1   | Noticed Urug
  7716 | Lair:1   | 7716 ||| Stepping ~*~*~tactically~*~*~ (stealth).
  7718 | Lair:1   | 7718 ||| INVOKING Fiery Armour.
  7725 | Lair:1   | Killed Urug
  7771 | Lair:1   | Noticed a six-headed hydra
  7773 | Lair:1   | 7773 ||| Stepping ~*~*~tactically~*~*~ (stealth).
  7776 | Lair:1   | 7776 ||| Stepping ~*~*~tactically~*~*~ (stealth).
  7776 | Lair:1   | Killed a seven-headed hydra
  7777 | Lair:1   | Reached skill level 6 in Fighting
  7782 | Lair:1   | 7782 ||| Stepping ~*~*~tactically~*~*~ (stealth).
  7783 | Lair:1   | 7783 ||| Stepping ~*~*~tactically~*~*~ (stealth).
  7784 | Lair:1   | 7784 ||| Stepping ~*~*~tactically~*~*~ (stealth).
  7787 | Lair:1   | 7787 ||| Stepping ~*~*~tactically~*~*~ (stealth).
  7788 | Lair:1   | 7788 ||| Stepping ~*~*~tactically~*~*~ (stealth).
  7835 | Lair:1   | 7835 ||| Stepping ~*~*~tactically~*~*~ (outnumbered).
  7836 | Lair:1   | 7836 ||| Stepping ~*~*~tactically~*~*~ (outnumbered).
  7837 | Lair:1   | 7837 ||| Stepping ~*~*~tactically~*~*~ (outnumbered).
  7838 | Lair:1   | 7838 ||| Stepping ~*~*~tactically~*~*~ (outnumbered).
  7839 | Lair:1   | 7839 ||| Stepping ~*~*~tactically~*~*~ (outnumbered).
  7840 | Lair:1   | 7840 ||| INVOKING Fiery Armour.
  7841 | Lair:1   | 7841 ||| Stepping ~*~*~tactically~*~*~ (outnumbered).
  7845 | Lair:1   | 7845 ||| Stepping ~*~*~tactically~*~*~ (outnumbered).
  7936 | Lair:1   | Noticed an oklob plant
  7966 | Lair:1   | Reached skill level 15 in Unarmed Combat
  8048 | Lair:1   | 8048 ||| INVOKING Fiery Armour.
  8059 | Lair:1   | Killed an oklob plant
  8309 | Lair:1   | 8309 ||| PLANNING CONVERSION TO OKAWARU
  8309 | Lair:1   | 8309 ||| READING scroll labelled JIFEILLALO.
  8310 | Lair:1   | 8310 ||| READING scroll of teleportation.
  8321 | Lair:1   | 8321 ||| Stepping randomly (stuck).
  8322 | Lair:1   | 8322 ||| Stepping randomly (stuck).
  8323 | Lair:1   | 8323 ||| Stepping randomly (stuck).
  8324 | Lair:1   | 8324 ||| Stepping randomly (stuck).
  8325 | Lair:1   | 8325 ||| Stepping randomly (stuck).
  8326 | Lair:1   | 8326 ||| Stepping randomly (stuck).
  8327 | Lair:1   | 8327 ||| Stepping randomly (stuck).
  8328 | Lair:1   | 8328 ||| Stepping randomly (stuck).
  8329 | Lair:1   | 8329 ||| Stepping randomly (stuck).
  8330 | Lair:1   | 8330 ||| Stepping randomly (stuck).
  8331 | Lair:1   | 8331 ||| Stepping randomly (stuck).
  8332 | Lair:1   | 8332 ||| Stepping randomly (stuck).
  8333 | Lair:1   | 8333 ||| Stepping randomly (stuck).
  8334 | Lair:1   | 8334 ||| Stepping randomly (stuck).
  8335 | Lair:1   | 8335 ||| Stepping randomly (stuck).
  8336 | Lair:1   | 8336 ||| Stepping randomly (stuck).
  8337 | Lair:1   | 8337 ||| Stepping randomly (stuck).
  8338 | Lair:1   | 8338 ||| Stepping randomly (stuck).
  8339 | Lair:1   | 8339 ||| Stepping randomly (stuck).
  8340 | Lair:1   | 8340 ||| Stepping randomly (stuck).
  8341 | Lair:1   | 8341 ||| Stepping randomly (stuck).
  8342 | Lair:1   | 8342 ||| Stepping randomly (stuck).
  8343 | Lair:1   | 8343 ||| Stepping randomly (stuck).
  8344 | Lair:1   | 8344 ||| Stepping randomly (stuck).
  8345 | Lair:1   | 8345 ||| Stepping randomly (stuck).
  8346 | Lair:1   | 8346 ||| Stepping randomly (stuck).
  8347 | Lair:1   | 8347 ||| Stepping randomly (stuck).
  8348 | Lair:1   | 8348 ||| Stepping randomly (stuck).
  8349 | Lair:1   | 8349 ||| Stepping randomly (stuck).
  8350 | Lair:1   | 8350 ||| Stepping randomly (stuck).
  8351 | Lair:1   | 8351 ||| Stepping randomly (stuck).
  8352 | Lair:1   | 8352 ||| Stepping randomly (stuck).
  8353 | Lair:1   | 8353 ||| Stepping randomly (stuck).
  8354 | Lair:1   | 8354 ||| Stepping randomly (stuck).
  8355 | Lair:1   | 8355 ||| Stepping randomly (stuck).
  8356 | Lair:1   | 8356 ||| Stepping randomly (stuck).
  8357 | Lair:1   | 8357 ||| Stepping randomly (stuck).
  8358 | Lair:1   | 8358 ||| Stepping randomly (stuck).
  8359 | Lair:1   | 8359 ||| Stepping randomly (stuck).
  8360 | Lair:1   | 8360 ||| Stepping randomly (stuck).
  8361 | Lair:1   | 8361 ||| Stepping randomly (stuck).
  8362 | Lair:1   | 8362 ||| Stepping randomly (stuck).
  8363 | Lair:1   | 8363 ||| Stepping randomly (stuck).
  8364 | Lair:1   | 8364 ||| Stepping randomly (stuck).
  8365 | Lair:1   | 8365 ||| Stepping randomly (stuck).
  8366 | Lair:1   | 8366 ||| Stepping randomly (stuck).
  8367 | Lair:1   | 8367 ||| Stepping randomly (stuck).
  8368 | Lair:1   | 8368 ||| Stepping randomly (stuck).
  8369 | Lair:1   | 8369 ||| Stepping randomly (stuck).
  8370 | Lair:1   | 8370 ||| Stepping randomly (stuck).
  8371 | Lair:1   | 8371 ||| Stepping randomly (stuck).
  8372 | Lair:1   | 8372 ||| Stepping randomly (stuck).
  8373 | Lair:1   | 8373 ||| Stepping randomly (stuck).
  8374 | Lair:1   | 8374 ||| Stepping randomly (stuck).
  8375 | Lair:1   | 8375 ||| Stepping randomly (stuck).
  8376 | Lair:1   | 8376 ||| Stepping randomly (stuck).
  8377 | Lair:1   | 8377 ||| Stepping randomly (stuck).
  8378 | Lair:1   | 8378 ||| Stepping randomly (stuck).
  8379 | Lair:1   | 8379 ||| Stepping randomly (stuck).
  8380 | Lair:1   | 8380 ||| Stepping randomly (stuck).
  8381 | Lair:1   | 8381 ||| Stepping randomly (stuck).
  8382 | Lair:1   | 8382 ||| Stepping randomly (stuck).
  8383 | Lair:1   | 8383 ||| Stepping randomly (stuck).
  8384 | Lair:1   | 8384 ||| Stepping randomly (stuck).
  8385 | Lair:1   | 8385 ||| Stepping randomly (stuck).
  8386 | Lair:1   | 8386 ||| Stepping randomly (stuck).
  8387 | Lair:1   | 8387 ||| Stepping randomly (stuck).
  8388 | Lair:1   | 8388 ||| Stepping randomly (stuck).
  8389 | Lair:1   | 8389 ||| Stepping randomly (stuck).
  8390 | Lair:1   | 8390 ||| Stepping randomly (stuck).
  8391 | Lair:1   | 8391 ||| Stepping randomly (stuck).
  8392 | Lair:1   | 8392 ||| Stepping randomly (stuck).
  8393 | Lair:1   | 8393 ||| Stepping randomly (stuck).
  8394 | Lair:1   | 8394 ||| Stepping randomly (stuck).
  8395 | Lair:1   | 8395 ||| Stepping randomly (stuck).
  8396 | Lair:1   | 8396 ||| Stepping randomly (stuck).
  8397 | Lair:1   | 8397 ||| Stepping randomly (stuck).
  8398 | Lair:1   | 8398 ||| Stepping randomly (stuck).
  8399 | Lair:1   | 8399 ||| Stepping randomly (stuck).
  8400 | Lair:1   | 8400 ||| Stepping randomly (stuck).
  8401 | Lair:1   | 8401 ||| Stepping randomly (stuck).
  8402 | Lair:1   | 8402 ||| Stepping randomly (stuck).
  8403 | Lair:1   | 8403 ||| Stepping randomly (stuck).
  8404 | Lair:1   | 8404 ||| Stepping randomly (stuck).
  8405 | Lair:1   | 8405 ||| Stepping randomly (stuck).
  8406 | Lair:1   | 8406 ||| Stepping randomly (stuck).
  8407 | Lair:1   | 8407 ||| Stepping randomly (stuck).
  8408 | Lair:1   | 8408 ||| Stepping randomly (stuck).
  8409 | Lair:1   | 8409 ||| Stepping randomly (stuck).
  8410 | Lair:1   | 8410 ||| Stepping randomly (stuck).
  8411 | Lair:1   | 8411 ||| Stepping randomly (stuck).
  8412 | Lair:1   | 8412 ||| Stepping randomly (stuck).
  8413 | Lair:1   | 8413 ||| Stepping randomly (stuck).
  8414 | Lair:1   | 8414 ||| Stepping randomly (stuck).
  8415 | Lair:1   | 8415 ||| Stepping randomly (stuck).
  8416 | Lair:1   | 8416 ||| Stepping randomly (stuck).
  8417 | Lair:1   | 8417 ||| Stepping randomly (stuck).
  8418 | Lair:1   | 8418 ||| Stepping randomly (stuck).
  8419 | Lair:1   | 8419 ||| Stepping randomly (stuck).
  8420 | Lair:1   | 8420 ||| Stepping randomly (stuck).
  8421 | Lair:1   | 8421 ||| Stepping randomly (stuck).
  8422 | Lair:1   | 8422 ||| Stepping randomly (stuck).
  8423 | Lair:1   | 8423 ||| Stepping randomly (stuck).
  8424 | Lair:1   | 8424 ||| Stepping randomly (stuck).
  8425 | Lair:1   | 8425 ||| Stepping randomly (stuck).
  8426 | Lair:1   | 8426 ||| Stepping randomly (stuck).
  8427 | Lair:1   | 8427 ||| Stepping randomly (stuck).
  8428 | Lair:1   | 8428 ||| Stepping randomly (stuck).
  8429 | Lair:1   | 8429 ||| Stepping randomly (stuck).
  8430 | Lair:1   | 8430 ||| Stepping randomly (stuck).
  8431 | Lair:1   | 8431 ||| Stepping randomly (stuck).
  8432 | Lair:1   | 8432 ||| Stepping randomly (stuck).
  8433 | Lair:1   | 8433 ||| Stepping randomly (stuck).
  8434 | Lair:1   | 8434 ||| Stepping randomly (stuck).
  8435 | Lair:1   | 8435 ||| Stepping randomly (stuck).
  8437 | Lair:1   | 8437 ||| Stepping randomly (stuck).
  8438 | Lair:1   | 8438 ||| Stepping randomly (stuck).
  8439 | Lair:1   | 8439 ||| Stepping randomly (stuck).
  8440 | Lair:1   | 8440 ||| Stepping randomly (stuck).
  8441 | Lair:1   | 8441 ||| Stepping randomly (stuck).
  8442 | Lair:1   | 8442 ||| Stepping randomly (stuck).
  8443 | Lair:1   | 8443 ||| Stepping randomly (stuck).
  8444 | Lair:1   | 8444 ||| Stepping randomly (stuck).
  8445 | Lair:1   | 8445 ||| Stepping randomly (stuck).
  8446 | Lair:1   | 8446 ||| Stepping randomly (stuck).
  8447 | Lair:1   | 8447 ||| Stepping randomly (stuck).
  8449 | Lair:1   | 8449 ||| Stepping randomly (stuck).
  8450 | Lair:1   | 8450 ||| Stepping randomly (stuck).
  8451 | Lair:1   | 8451 ||| Stepping randomly (stuck).
  8452 | Lair:1   | 8452 ||| Stepping randomly (stuck).
  8453 | Lair:1   | 8453 ||| Stepping randomly (stuck).
  8454 | Lair:1   | 8454 ||| Stepping randomly (stuck).
  8455 | Lair:1   | 8455 ||| Stepping randomly (stuck).
  8456 | Lair:1   | 8456 ||| Stepping randomly (stuck).
  8457 | Lair:1   | 8457 ||| Stepping randomly (stuck).
  8458 | Lair:1   | 8458 ||| Stepping randomly (stuck).
  8459 | Lair:1   | 8459 ||| Stepping randomly (stuck).
  8460 | Lair:1   | 8460 ||| Stepping randomly (stuck).
  8461 | Lair:1   | 8461 ||| Stepping randomly (stuck).
  8462 | Lair:1   | 8462 ||| Stepping randomly (stuck).
  8463 | Lair:1   | 8463 ||| Stepping randomly (stuck).
  8464 | Lair:1   | 8464 ||| Stepping randomly (stuck).
  8465 | Lair:1   | 8465 ||| Stepping randomly (stuck).
  8466 | Lair:1   | 8466 ||| Stepping randomly (stuck).
  8467 | Lair:1   | 8467 ||| Stepping randomly (stuck).
  8468 | Lair:1   | 8468 ||| Stepping randomly (stuck).
  8469 | Lair:1   | 8469 ||| Stepping randomly (stuck).
  8470 | Lair:1   | 8470 ||| Stepping randomly (stuck).
  8471 | Lair:1   | 8471 ||| Stepping randomly (stuck).
  8472 | Lair:1   | 8472 ||| Stepping randomly (stuck).
  8473 | Lair:1   | 8473 ||| Stepping randomly (stuck).
  8474 | Lair:1   | 8474 ||| Stepping randomly (stuck).
  8475 | Lair:1   | 8475 ||| Stepping randomly (stuck).
  8476 | Lair:1   | 8476 ||| Stepping randomly (stuck).
  8477 | Lair:1   | 8477 ||| Stepping randomly (stuck).
  8478 | Lair:1   | 8478 ||| Stepping randomly (stuck).
  8479 | Lair:1   | 8479 ||| Stepping randomly (stuck).
  8480 | Lair:1   | 8480 ||| Stepping randomly (stuck).
  8481 | Lair:1   | 8481 ||| Stepping randomly (stuck).
  8482 | Lair:1   | 8482 ||| Stepping randomly (stuck).
  8483 | Lair:1   | 8483 ||| Stepping randomly (stuck).
  8484 | Lair:1   | 8484 ||| Stepping randomly (stuck).
  8485 | Lair:1   | 8485 ||| Stepping randomly (stuck).
  8486 | Lair:1   | 8486 ||| Stepping randomly (stuck).
  8487 | Lair:1   | 8487 ||| Stepping randomly (stuck).
  8488 | Lair:1   | 8488 ||| Stepping randomly (stuck).
  8489 | Lair:1   | 8489 ||| Stepping randomly (stuck).
  8490 | Lair:1   | 8490 ||| Stepping randomly (stuck).
  8491 | Lair:1   | 8491 ||| Stepping randomly (stuck).
  8492 | Lair:1   | 8492 ||| Stepping randomly (stuck).
  8493 | Lair:1   | 8493 ||| Stepping randomly (stuck).
  8494 | Lair:1   | 8494 ||| Stepping randomly (stuck).
  8495 | Lair:1   | 8495 ||| Stepping randomly (stuck).
  8496 | Lair:1   | 8496 ||| Stepping randomly (stuck).
  8497 | Lair:1   | 8497 ||| Stepping randomly (stuck).
  8498 | Lair:1   | 8498 ||| Stepping randomly (stuck).
  8499 | Lair:1   | 8499 ||| Stepping randomly (stuck).
  8500 | Lair:1   | 8500 ||| Stepping randomly (stuck).
  8501 | Lair:1   | 8501 ||| Stepping randomly (stuck).
  8502 | Lair:1   | 8502 ||| Stepping randomly (stuck).
  8503 | Lair:1   | 8503 ||| Stepping randomly (stuck).
  8504 | Lair:1   | 8504 ||| Stepping randomly (stuck).
  8505 | Lair:1   | 8505 ||| Stepping randomly (stuck).
  8506 | Lair:1   | 8506 ||| Stepping randomly (stuck).
  8507 | Lair:1   | 8507 ||| Stepping randomly (stuck).
  8508 | Lair:1   | 8508 ||| Stepping randomly (stuck).
  8509 | Lair:1   | 8509 ||| Stepping randomly (stuck).
  8510 | Lair:1   | 8510 ||| Stepping randomly (stuck).
  8511 | Lair:1   | 8511 ||| Stepping randomly (stuck).
  8512 | Lair:1   | 8512 ||| Stepping randomly (stuck).
  8513 | Lair:1   | 8513 ||| Stepping randomly (stuck).
  8514 | Lair:1   | 8514 ||| Stepping randomly (stuck).
  8515 | Lair:1   | 8515 ||| Stepping randomly (stuck).
  8516 | Lair:1   | 8516 ||| Stepping randomly (stuck).
  8517 | Lair:1   | 8517 ||| Stepping randomly (stuck).
  8518 | Lair:1   | 8518 ||| Stepping randomly (stuck).
  8519 | Lair:1   | 8519 ||| Stepping randomly (stuck).
  8520 | Lair:1   | 8520 ||| Stepping randomly (stuck).
  8521 | Lair:1   | 8521 ||| Stepping randomly (stuck).
  8522 | Lair:1   | 8522 ||| Stepping randomly (stuck).
  8523 | Lair:1   | 8523 ||| Stepping randomly (stuck).
  8524 | Lair:1   | 8524 ||| Stepping randomly (stuck).
  8525 | Lair:1   | 8525 ||| Stepping randomly (stuck).
  8526 | Lair:1   | 8526 ||| Stepping randomly (stuck).
  8527 | Lair:1   | 8527 ||| Stepping randomly (stuck).
  8528 | Lair:1   | 8528 ||| Stepping randomly (stuck).
  8529 | Lair:1   | 8529 ||| Stepping randomly (stuck).
  8530 | Lair:1   | 8530 ||| Stepping randomly (stuck).
  8531 | Lair:1   | 8531 ||| Stepping randomly (stuck).
  8532 | Lair:1   | 8532 ||| Stepping randomly (stuck).
  8533 | Lair:1   | 8533 ||| Stepping randomly (stuck).
  8534 | Lair:1   | 8534 ||| Stepping randomly (stuck).
  8535 | Lair:1   | 8535 ||| Stepping randomly (stuck).
  8536 | Lair:1   | 8536 ||| Stepping randomly (stuck).
  8537 | Lair:1   | 8537 ||| Stepping randomly (stuck).
  8538 | Lair:1   | 8538 ||| Stepping randomly (stuck).
  8539 | Lair:1   | 8539 ||| Stepping randomly (stuck).
  8540 | Lair:1   | 8540 ||| Stepping randomly (stuck).
  8541 | Lair:1   | 8541 ||| Stepping randomly (stuck).
  8542 | Lair:1   | 8542 ||| Stepping randomly (stuck).
  8543 | Lair:1   | 8543 ||| Stepping randomly (stuck).
  8544 | Lair:1   | 8544 ||| Stepping randomly (stuck).
  8545 | Lair:1   | 8545 ||| Stepping randomly (stuck).
  8546 | Lair:1   | 8546 ||| Stepping randomly (stuck).
  8547 | Lair:1   | 8547 ||| Stepping randomly (stuck).
  8548 | Lair:1   | 8548 ||| Stepping randomly (stuck).
  8549 | Lair:1   | 8549 ||| Stepping randomly (stuck).
  8550 | Lair:1   | 8550 ||| Stepping randomly (stuck).
  8551 | Lair:1   | 8551 ||| Stepping randomly (stuck).
  8552 | Lair:1   | 8552 ||| Stepping randomly (stuck).
  8553 | Lair:1   | 8553 ||| Stepping randomly (stuck).
  8554 | Lair:1   | 8554 ||| Stepping randomly (stuck).
  8555 | Lair:1   | 8555 ||| Stepping randomly (stuck).
  8556 | Lair:1   | 8556 ||| Stepping randomly (stuck).
  8557 | Lair:1   | 8557 ||| Stepping randomly (stuck).
  8558 | Lair:1   | 8558 ||| Stepping randomly (stuck).
  8559 | Lair:1   | 8559 ||| Stepping randomly (stuck).
  8560 | Lair:1   | 8560 ||| Stepping randomly (stuck).
  8561 | Lair:1   | 8561 ||| Stepping randomly (stuck).
  8562 | Lair:1   | 8562 ||| Stepping randomly (stuck).
  8563 | Lair:1   | 8563 ||| Stepping randomly (stuck).
  8564 | Lair:1   | 8564 ||| Stepping randomly (stuck).
  8565 | Lair:1   | 8565 ||| Stepping randomly (stuck).
  8566 | Lair:1   | 8566 ||| Stepping randomly (stuck).
  8567 | Lair:1   | 8567 ||| Stepping randomly (stuck).
  8568 | Lair:1   | 8568 ||| Stepping randomly (stuck).
  8569 | Lair:1   | 8569 ||| Stepping randomly (stuck).
  8570 | Lair:1   | 8570 ||| Stepping randomly (stuck).
  8571 | Lair:1   | 8571 ||| Stepping randomly (stuck).
  8572 | Lair:1   | 8572 ||| Stepping randomly (stuck).
  8573 | Lair:1   | 8573 ||| Stepping randomly (stuck).
  8574 | Lair:1   | 8574 ||| Stepping randomly (stuck).
  8575 | Lair:1   | 8575 ||| Stepping randomly (stuck).
  8576 | Lair:1   | 8576 ||| Stepping randomly (stuck).
  8577 | Lair:1   | 8577 ||| Stepping randomly (stuck).
  8578 | Lair:1   | 8578 ||| Stepping randomly (stuck).
  8579 | Lair:1   | 8579 ||| Stepping randomly (stuck).
  8580 | Lair:1   | 8580 ||| Stepping randomly (stuck).
  8581 | Lair:1   | 8581 ||| Stepping randomly (stuck).
  8582 | Lair:1   | 8582 ||| Stepping randomly (stuck).
  8583 | Lair:1   | 8583 ||| Stepping randomly (stuck).
  8584 | Lair:1   | 8584 ||| Stepping randomly (stuck).
  8585 | Lair:1   | 8585 ||| Stepping randomly (stuck).
  8586 | Lair:1   | 8586 ||| Stepping randomly (stuck).
  8587 | Lair:1   | 8587 ||| Stepping randomly (stuck).
  8588 | Lair:1   | 8588 ||| Stepping randomly (stuck).
  8589 | Lair:1   | 8589 ||| Stepping randomly (stuck).
  8590 | Lair:1   | 8590 ||| Stepping randomly (stuck).
  8591 | Lair:1   | 8591 ||| Stepping randomly (stuck).
  8592 | Lair:1   | 8592 ||| Stepping randomly (stuck).
  8593 | Lair:1   | 8593 ||| Stepping randomly (stuck).
  8594 | Lair:1   | 8594 ||| Stepping randomly (stuck).
  8595 | Lair:1   | 8595 ||| Stepping randomly (stuck).
  8596 | Lair:1   | 8596 ||| Stepping randomly (stuck).
  8597 | Lair:1   | 8597 ||| Stepping randomly (stuck).
  8598 | Lair:1   | 8598 ||| Stepping randomly (stuck).
  8599 | Lair:1   | 8599 ||| Stepping randomly (stuck).
  8600 | Lair:1   | 8600 ||| Stepping randomly (stuck).
  8601 | Lair:1   | 8601 ||| Stepping randomly (stuck).
  8602 | Lair:1   | 8602 ||| Stepping randomly (stuck).
  8603 | Lair:1   | 8603 ||| Stepping randomly (stuck).
  8604 | Lair:1   | 8604 ||| Stepping randomly (stuck).
  8605 | Lair:1   | 8605 ||| Stepping randomly (stuck).
  8606 | Lair:1   | 8606 ||| Stepping randomly (stuck).
  8607 | Lair:1   | 8607 ||| Stepping randomly (stuck).
  8608 | Lair:1   | 8608 ||| Stepping randomly (stuck).
  8609 | Lair:1   | 8609 ||| Stepping randomly (stuck).
  8610 | Lair:1   | 8610 ||| Stepping randomly (stuck).
  8611 | Lair:1   | 8611 ||| Stepping randomly (stuck).
  8612 | Lair:1   | 8612 ||| Stepping randomly (stuck).
  8613 | Lair:1   | 8613 ||| Stepping randomly (stuck).
  8614 | Lair:1   | 8614 ||| Stepping randomly (stuck).
  8615 | Lair:1   | 8615 ||| Stepping randomly (stuck).
  8616 | Lair:1   | 8616 ||| Stepping randomly (stuck).
  8617 | Lair:1   | 8617 ||| Stepping randomly (stuck).
  8618 | Lair:1   | 8618 ||| Stepping randomly (stuck).
  8619 | Lair:1   | 8619 ||| Stepping randomly (stuck).
  8620 | Lair:1   | 8620 ||| Stepping randomly (stuck).
  8621 | Lair:1   | 8621 ||| Stepping randomly (stuck).
  8622 | Lair:1   | 8622 ||| Stepping randomly (stuck).
  8623 | Lair:1   | 8623 ||| Stepping randomly (stuck).
  8624 | Lair:1   | 8624 ||| Stepping randomly (stuck).
  8625 | Lair:1   | 8625 ||| Stepping randomly (stuck).
  8626 | Lair:1   | 8626 ||| Stepping randomly (stuck).
  8627 | Lair:1   | 8627 ||| Stepping randomly (stuck).
  8628 | Lair:1   | 8628 ||| Stepping randomly (stuck).
  8629 | Lair:1   | 8629 ||| Stepping randomly (stuck).
  8630 | Lair:1   | 8630 ||| Stepping randomly (stuck).
  8631 | Lair:1   | 8631 ||| Stepping randomly (stuck).
  8632 | Lair:1   | 8632 ||| Stepping randomly (stuck).
  8633 | Lair:1   | 8633 ||| Stepping randomly (stuck).
  8634 | Lair:1   | 8634 ||| Stepping randomly (stuck).
  8635 | Lair:1   | 8635 ||| Stepping randomly (stuck).
  8636 | Lair:1   | 8636 ||| Stepping randomly (stuck).
  8637 | Lair:1   | 8637 ||| Stepping randomly (stuck).
  8638 | Lair:1   | 8638 ||| Stepping randomly (stuck).
  8639 | Lair:1   | 8639 ||| Stepping randomly (stuck).
  8640 | Lair:1   | 8640 ||| Stepping randomly (stuck).
  8641 | Lair:1   | 8641 ||| Stepping randomly (stuck).
  8642 | Lair:1   | 8642 ||| Stepping randomly (stuck).
  8643 | Lair:1   | 8643 ||| Stepping randomly (stuck).
  8644 | Lair:1   | 8644 ||| Stepping randomly (stuck).
  8645 | Lair:1   | 8645 ||| Stepping randomly (stuck).
  8646 | Lair:1   | 8646 ||| Stepping randomly (stuck).
  8647 | Lair:1   | 8647 ||| Stepping randomly (stuck).
  8648 | Lair:1   | 8648 ||| Stepping randomly (stuck).
  8649 | Lair:1   | 8649 ||| Stepping randomly (stuck).
  8650 | Lair:1   | 8650 ||| Stepping randomly (stuck).
  8651 | Lair:1   | 8651 ||| Stepping randomly (stuck).
  8652 | Lair:1   | 8652 ||| Stepping randomly (stuck).
  8653 | Lair:1   | 8653 ||| Stepping randomly (stuck).
  8654 | Lair:1   | 8654 ||| Stepping randomly (stuck).
  8655 | Lair:1   | 8655 ||| Stepping randomly (stuck).
  8656 | Lair:1   | 8656 ||| Stepping randomly (stuck).
  8657 | Lair:1   | 8657 ||| Stepping randomly (stuck).
  8658 | Lair:1   | 8658 ||| Stepping randomly (stuck).
  8659 | Lair:1   | 8659 ||| Stepping randomly (stuck).
  8660 | Lair:1   | 8660 ||| Stepping randomly (stuck).
  8661 | Lair:1   | 8661 ||| Stepping randomly (stuck).
  8662 | Lair:1   | 8662 ||| Stepping randomly (stuck).
  8663 | Lair:1   | 8663 ||| Stepping randomly (stuck).
  8664 | Lair:1   | 8664 ||| Stepping randomly (stuck).
  8665 | Lair:1   | 8665 ||| Stepping randomly (stuck).
  8666 | Lair:1   | 8666 ||| Stepping randomly (stuck).
  8667 | Lair:1   | 8667 ||| Stepping randomly (stuck).
  8668 | Lair:1   | 8668 ||| Stepping randomly (stuck).
  8669 | Lair:1   | 8669 ||| Stepping randomly (stuck).
  8670 | Lair:1   | 8670 ||| Stepping randomly (stuck).
  8671 | Lair:1   | 8671 ||| Stepping randomly (stuck).
  8672 | Lair:1   | 8672 ||| Stepping randomly (stuck).
  8673 | Lair:1   | 8673 ||| Stepping randomly (stuck).
  8674 | Lair:1   | 8674 ||| Stepping randomly (stuck).
  8675 | Lair:1   | 8675 ||| Stepping randomly (stuck).
  8676 | Lair:1   | 8676 ||| Stepping randomly (stuck).
  8677 | Lair:1   | 8677 ||| Stepping randomly (stuck).
  8678 | Lair:1   | 8678 ||| Stepping randomly (stuck).
  8679 | Lair:1   | 8679 ||| Stepping randomly (stuck).
  8680 | Lair:1   | 8680 ||| Stepping randomly (stuck).
  8681 | Lair:1   | 8681 ||| Stepping randomly (stuck).
  8682 | Lair:1   | 8682 ||| Stepping randomly (stuck).
  8683 | Lair:1   | 8683 ||| Stepping randomly (stuck).
  8684 | Lair:1   | 8684 ||| Stepping randomly (stuck).
  8685 | Lair:1   | 8685 ||| Stepping randomly (stuck).
  8686 | Lair:1   | 8686 ||| Stepping randomly (stuck).
  8687 | Lair:1   | 8687 ||| Stepping randomly (stuck).
  8688 | Lair:1   | 8688 ||| Stepping randomly (stuck).
  8689 | Lair:1   | 8689 ||| Stepping randomly (stuck).
  8690 | Lair:1   | 8690 ||| Stepping randomly (stuck).
  8691 | Lair:1   | 8691 ||| Stepping randomly (stuck).
  8692 | Lair:1   | 8692 ||| Stepping randomly (stuck).
  8693 | Lair:1   | 8693 ||| Stepping randomly (stuck).
  8694 | Lair:1   | 8694 ||| Stepping randomly (stuck).
  8695 | Lair:1   | 8695 ||| Stepping randomly (stuck).
  8696 | Lair:1   | 8696 ||| Stepping randomly (stuck).
  8697 | Lair:1   | 8697 ||| Stepping randomly (stuck).
  8698 | Lair:1   | 8698 ||| Stepping randomly (stuck).
  8699 | Lair:1   | 8699 ||| Stepping randomly (stuck).
  8700 | Lair:1   | 8700 ||| Stepping randomly (stuck).
  8701 | Lair:1   | 8701 ||| Stepping randomly (stuck).
  8702 | Lair:1   | 8702 ||| Stepping randomly (stuck).
  8703 | Lair:1   | 8703 ||| Stepping randomly (stuck).
  8704 | Lair:1   | 8704 ||| Stepping randomly (stuck).
  8705 | Lair:1   | 8705 ||| Stepping randomly (stuck).
  8706 | Lair:1   | 8706 ||| Stepping randomly (stuck).
  8707 | Lair:1   | 8707 ||| Stepping randomly (stuck).
  8708 | Lair:1   | 8708 ||| Stepping randomly (stuck).
  8709 | Lair:1   | 8709 ||| Stepping randomly (stuck).
  8710 | Lair:1   | 8710 ||| Stepping randomly (stuck).
  8711 | Lair:1   | 8711 ||| Stepping randomly (stuck).
  8712 | Lair:1   | 8712 ||| Stepping randomly (stuck).
  8713 | Lair:1   | 8713 ||| Stepping randomly (stuck).
  8714 | Lair:1   | 8714 ||| Stepping randomly (stuck).
  8715 | Lair:1   | 8715 ||| Stepping randomly (stuck).
  8716 | Lair:1   | 8716 ||| Stepping randomly (stuck).
  8717 | Lair:1   | 8717 ||| Stepping randomly (stuck).
  8718 | Lair:1   | 8718 ||| Stepping randomly (stuck).
  8719 | Lair:1   | 8719 ||| Stepping randomly (stuck).
  8720 | Lair:1   | 8720 ||| Stepping randomly (stuck).
  8721 | Lair:1   | 8721 ||| Stepping randomly (stuck).
  8722 | Lair:1   | 8722 ||| Stepping randomly (stuck).
  8723 | Lair:1   | 8723 ||| Stepping randomly (stuck).
  8724 | Lair:1   | 8724 ||| Stepping randomly (stuck).
  8725 | Lair:1   | 8725 ||| Stepping randomly (stuck).
  8726 | Lair:1   | 8726 ||| Stepping randomly (stuck).
  8727 | Lair:1   | 8727 ||| Stepping randomly (stuck).
  8728 | Lair:1   | 8728 ||| Stepping randomly (stuck).
  8729 | Lair:1   | 8729 ||| Stepping randomly (stuck).
  8730 | Lair:1   | 8730 ||| Stepping randomly (stuck).
  8731 | Lair:1   | 8731 ||| Stepping randomly (stuck).
  8732 | Lair:1   | 8732 ||| Stepping randomly (stuck).
  8733 | Lair:1   | 8733 ||| Stepping randomly (stuck).
  8734 | Lair:1   | 8734 ||| Stepping randomly (stuck).
  8735 | Lair:1   | 8735 ||| Stepping randomly (stuck).
  8736 | Lair:1   | 8736 ||| Stepping randomly (stuck).
  8737 | Lair:1   | 8737 ||| Stepping randomly (stuck).
  8738 | Lair:1   | 8738 ||| Stepping randomly (stuck).
  8739 | Lair:1   | 8739 ||| Stepping randomly (stuck).
  8740 | Lair:1   | 8740 ||| Stepping randomly (stuck).
  8741 | Lair:1   | 8741 ||| Stepping randomly (stuck).
  8742 | Lair:1   | 8742 ||| Stepping randomly (stuck).
  8743 | Lair:1   | 8743 ||| Stepping randomly (stuck).
  8744 | Lair:1   | 8744 ||| Stepping randomly (stuck).
  8745 | Lair:1   | 8745 ||| Stepping randomly (stuck).
  8746 | Lair:1   | 8746 ||| Stepping randomly (stuck).
  8747 | Lair:1   | 8747 ||| Stepping randomly (stuck).
  8748 | Lair:1   | 8748 ||| Stepping randomly (stuck).
  8749 | Lair:1   | 8749 ||| Stepping randomly (stuck).
  8750 | Lair:1   | 8750 ||| Stepping randomly (stuck).
  8751 | Lair:1   | 8751 ||| Stepping randomly (stuck).
  8752 | Lair:1   | 8752 ||| Stepping randomly (stuck).
  8753 | Lair:1   | 8753 ||| Stepping randomly (stuck).
  8754 | Lair:1   | 8754 ||| Stepping randomly (stuck).
  8755 | Lair:1   | 8755 ||| Stepping randomly (stuck).
  8756 | Lair:1   | 8756 ||| Stepping randomly (stuck).
  8757 | Lair:1   | 8757 ||| Stepping randomly (stuck).
  8758 | Lair:1   | 8758 ||| Stepping randomly (stuck).
  8759 | Lair:1   | 8759 ||| Stepping randomly (stuck).
  8760 | Lair:1   | 8760 ||| Stepping randomly (stuck).
  8761 | Lair:1   | 8761 ||| Stepping randomly (stuck).
  8762 | Lair:1   | 8762 ||| Stepping randomly (stuck).
  8763 | Lair:1   | 8763 ||| Stepping randomly (stuck).
  8764 | Lair:1   | 8764 ||| Stepping randomly (stuck).
  8765 | Lair:1   | 8765 ||| Stepping randomly (stuck).
  8766 | Lair:1   | 8766 ||| Stepping randomly (stuck).
  8767 | Lair:1   | 8767 ||| Stepping randomly (stuck).
  8768 | Lair:1   | 8768 ||| Stepping randomly (stuck).
  8769 | Lair:1   | 8769 ||| Stepping randomly (stuck).
  8770 | Lair:1   | 8770 ||| Stepping randomly (stuck).
  8771 | Lair:1   | 8771 ||| Stepping randomly (stuck).
  8772 | Lair:1   | 8772 ||| Stepping randomly (stuck).
  8773 | Lair:1   | 8773 ||| Stepping randomly (stuck).
  8774 | Lair:1   | 8774 ||| Stepping randomly (stuck).
  8775 | Lair:1   | 8775 ||| Stepping randomly (stuck).
  8776 | Lair:1   | 8776 ||| Stepping randomly (stuck).
  8777 | Lair:1   | 8777 ||| Stepping randomly (stuck).
  8778 | Lair:1   | 8778 ||| Stepping randomly (stuck).
  8779 | Lair:1   | 8779 ||| Stepping randomly (stuck).
  8780 | Lair:1   | 8780 ||| Stepping randomly (stuck).
  8781 | Lair:1   | 8781 ||| Stepping randomly (stuck).
  8782 | Lair:1   | 8782 ||| Stepping randomly (stuck).
  8783 | Lair:1   | 8783 ||| Stepping randomly (stuck).
  8784 | Lair:1   | 8784 ||| Stepping randomly (stuck).
  8785 | Lair:1   | 8785 ||| Stepping randomly (stuck).
  8786 | Lair:1   | 8786 ||| Stepping randomly (stuck).
  8787 | Lair:1   | 8787 ||| Stepping randomly (stuck).
  8788 | Lair:1   | 8788 ||| Stepping randomly (stuck).
  8789 | Lair:1   | 8789 ||| Stepping randomly (stuck).
  8790 | Lair:1   | 8790 ||| Stepping randomly (stuck).
  8791 | Lair:1   | 8791 ||| Stepping randomly (stuck).
  8792 | Lair:1   | 8792 ||| Stepping randomly (stuck).
  8793 | Lair:1   | 8793 ||| Stepping randomly (stuck).
  8794 | Lair:1   | 8794 ||| Stepping randomly (stuck).
  8795 | Lair:1   | 8795 ||| Stepping randomly (stuck).
  8796 | Lair:1   | 8796 ||| Stepping randomly (stuck).
  8797 | Lair:1   | 8797 ||| Stepping randomly (stuck).
  8798 | Lair:1   | 8798 ||| Stepping randomly (stuck).
  8799 | Lair:1   | 8799 ||| Stepping randomly (stuck).
  8800 | Lair:1   | 8800 ||| Stepping randomly (stuck).
  8801 | Lair:1   | 8801 ||| Stepping randomly (stuck).
  8802 | Lair:1   | 8802 ||| Stepping randomly (stuck).
  8803 | Lair:1   | 8803 ||| Stepping randomly (stuck).
  8804 | Lair:1   | 8804 ||| Stepping randomly (stuck).
  8805 | Lair:1   | 8805 ||| Stepping randomly (stuck).
  8806 | Lair:1   | 8806 ||| Stepping randomly (stuck).
  8807 | Lair:1   | 8807 ||| Stepping randomly (stuck).
  8808 | Lair:1   | 8808 ||| Stepping randomly (stuck).
  8809 | Lair:1   | 8809 ||| Stepping randomly (stuck).
  8810 | Lair:1   | 8810 ||| Stepping randomly (stuck).
  8811 | Lair:1   | 8811 ||| Stepping randomly (stuck).
  8812 | Lair:1   | 8812 ||| Stepping randomly (stuck).
  8813 | Lair:1   | 8813 ||| Stepping randomly (stuck).
  8814 | Lair:1   | 8814 ||| Stepping randomly (stuck).
  8815 | Lair:1   | 8815 ||| Stepping randomly (stuck).
  8816 | Lair:1   | 8816 ||| Stepping randomly (stuck).
  8817 | Lair:1   | 8817 ||| Stepping randomly (stuck).
  8818 | Lair:1   | 8818 ||| Stepping randomly (stuck).
  8819 | Lair:1   | 8819 ||| Stepping randomly (stuck).
  8820 | Lair:1   | 8820 ||| Stepping randomly (stuck).
  8821 | Lair:1   | 8821 ||| Stepping randomly (stuck).
  8822 | Lair:1   | 8822 ||| Stepping randomly (stuck).
  8823 | Lair:1   | 8823 ||| Stepping randomly (stuck).
  8824 | Lair:1   | 8824 ||| Stepping randomly (stuck).
  8825 | Lair:1   | 8825 ||| Stepping randomly (stuck).
  8826 | Lair:1   | 8826 ||| Stepping randomly (stuck).
  8827 | Lair:1   | 8827 ||| Stepping randomly (stuck).
  8828 | Lair:1   | 8828 ||| Stepping randomly (stuck).
  8829 | Lair:1   | 8829 ||| Stepping randomly (stuck).
  8830 | Lair:1   | 8830 ||| Stepping randomly (stuck).
  8831 | Lair:1   | 8831 ||| Stepping randomly (stuck).
  8832 | Lair:1   | 8832 ||| Stepping randomly (stuck).
  8833 | Lair:1   | 8833 ||| Stepping randomly (stuck).
  8834 | Lair:1   | 8834 ||| Stepping randomly (stuck).
  8835 | Lair:1   | 8835 ||| Stepping randomly (stuck).
  8836 | Lair:1   | 8836 ||| Stepping randomly (stuck).
  8837 | Lair:1   | 8837 ||| Stepping randomly (stuck).
  8838 | Lair:1   | 8838 ||| Stepping randomly (stuck).
  8839 | Lair:1   | 8839 ||| Stepping randomly (stuck).
  8840 | Lair:1   | 8840 ||| Stepping randomly (stuck).
  8841 | Lair:1   | 8841 ||| Stepping randomly (stuck).
  8842 | Lair:1   | 8842 ||| Stepping randomly (stuck).
  8843 | Lair:1   | 8843 ||| Stepping randomly (stuck).
  8844 | Lair:1   | 8844 ||| Stepping randomly (stuck).
  8845 | Lair:1   | 8845 ||| Stepping randomly (stuck).
  8846 | Lair:1   | 8846 ||| Stepping randomly (stuck).
  8847 | Lair:1   | 8847 ||| Stepping randomly (stuck).
  8848 | Lair:1   | 8848 ||| Stepping randomly (stuck).
  8849 | Lair:1   | 8849 ||| Stepping randomly (stuck).
  8850 | Lair:1   | 8850 ||| Stepping randomly (stuck).
  8851 | Lair:1   | 8851 ||| Stepping randomly (stuck).
  8852 | Lair:1   | 8852 ||| Stepping randomly (stuck).
  8853 | Lair:1   | 8853 ||| Stepping randomly (stuck).
  8854 | Lair:1   | 8854 ||| Stepping randomly (stuck).
  8855 | Lair:1   | 8855 ||| Stepping randomly (stuck).
  8856 | Lair:1   | 8856 ||| Stepping randomly (stuck).
  8857 | Lair:1   | 8857 ||| Stepping randomly (stuck).
  8858 | Lair:1   | 8858 ||| Stepping randomly (stuck).
  8859 | Lair:1   | 8859 ||| Stepping randomly (stuck).
  8860 | Lair:1   | 8860 ||| Stepping randomly (stuck).
  8861 | Lair:1   | 8861 ||| Stepping randomly (stuck).
  8862 | Lair:1   | 8862 ||| Stepping randomly (stuck).
  8863 | Lair:1   | 8863 ||| Stepping randomly (stuck).
  8864 | Lair:1   | 8864 ||| Stepping randomly (stuck).
  8865 | Lair:1   | 8865 ||| Stepping randomly (stuck).
  8866 | Lair:1   | 8866 ||| Stepping randomly (stuck).
  8867 | Lair:1   | 8867 ||| Stepping randomly (stuck).
  8868 | Lair:1   | 8868 ||| Stepping randomly (stuck).
  8869 | Lair:1   | 8869 ||| Stepping randomly (stuck).
  8870 | Lair:1   | 8870 ||| Stepping randomly (stuck).
  8871 | Lair:1   | 8871 ||| Stepping randomly (stuck).
  8872 | Lair:1   | 8872 ||| Stepping randomly (stuck).
  8873 | Lair:1   | 8873 ||| Stepping randomly (stuck).
  8874 | Lair:1   | 8874 ||| Stepping randomly (stuck).
  8875 | Lair:1   | 8875 ||| Stepping randomly (stuck).
  8876 | Lair:1   | 8876 ||| Stepping randomly (stuck).
  8877 | Lair:1   | 8877 ||| Stepping randomly (stuck).
  8878 | Lair:1   | 8878 ||| Stepping randomly (stuck).
  8879 | Lair:1   | 8879 ||| Stepping randomly (stuck).
  8880 | Lair:1   | 8880 ||| Stepping randomly (stuck).
  8881 | Lair:1   | 8881 ||| Stepping randomly (stuck).
  8882 | Lair:1   | 8882 ||| Stepping randomly (stuck).
  8883 | Lair:1   | 8883 ||| Stepping randomly (stuck).
  8884 | Lair:1   | 8884 ||| Stepping randomly (stuck).
  8885 | Lair:1   | 8885 ||| Stepping randomly (stuck).
  8886 | Lair:1   | 8886 ||| Stepping randomly (stuck).
  8887 | Lair:1   | 8887 ||| Stepping randomly (stuck).
  8888 | Lair:1   | 8888 ||| Stepping randomly (stuck).
  8889 | Lair:1   | 8889 ||| Stepping randomly (stuck).
  8890 | Lair:1   | 8890 ||| Stepping randomly (stuck).
  8891 | Lair:1   | 8891 ||| Stepping randomly (stuck).
  8892 | Lair:1   | 8892 ||| Stepping randomly (stuck).
  8893 | Lair:1   | 8893 ||| Stepping randomly (stuck).
  8894 | Lair:1   | 8894 ||| Stepping randomly (stuck).
  8895 | Lair:1   | 8895 ||| Stepping randomly (stuck).
  8896 | Lair:1   | 8896 ||| Stepping randomly (stuck).
  8897 | Lair:1   | 8897 ||| Stepping randomly (stuck).
  8898 | Lair:1   | 8898 ||| Stepping randomly (stuck).
  8899 | Lair:1   | 8899 ||| Stepping randomly (stuck).
  8900 | Lair:1   | 8900 ||| Stepping randomly (stuck).
  8901 | Lair:1   | 8901 ||| Stepping randomly (stuck).
  8902 | Lair:1   | 8902 ||| Stepping randomly (stuck).
  8903 | Lair:1   | 8903 ||| Stepping randomly (stuck).
  8904 | Lair:1   | 8904 ||| Stepping randomly (stuck).
  8905 | Lair:1   | 8905 ||| Stepping randomly (stuck).
  8906 | Lair:1   | 8906 ||| Stepping randomly (stuck).
  8907 | Lair:1   | 8907 ||| Stepping randomly (stuck).
  8908 | Lair:1   | 8908 ||| Stepping randomly (stuck).
  8909 | Lair:1   | 8909 ||| Stepping randomly (stuck).
  8910 | Lair:1   | 8910 ||| Stepping randomly (stuck).
  8911 | Lair:1   | 8911 ||| Stepping randomly (stuck).
  8912 | Lair:1   | 8912 ||| Stepping randomly (stuck).
  8913 | Lair:1   | 8913 ||| Stepping randomly (stuck).
  8914 | Lair:1   | 8914 ||| Stepping randomly (stuck).
  8915 | Lair:1   | 8915 ||| Stepping randomly (stuck).
  8916 | Lair:1   | 8916 ||| Stepping randomly (stuck).
  8917 | Lair:1   | 8917 ||| Stepping randomly (stuck).
  8918 | Lair:1   | 8918 ||| Stepping randomly (stuck).
  8919 | Lair:1   | 8919 ||| Stepping randomly (stuck).
  8920 | Lair:1   | 8920 ||| Stepping randomly (stuck).
  8921 | Lair:1   | 8921 ||| Stepping randomly (stuck).
  8922 | Lair:1   | 8922 ||| Stepping randomly (stuck).
  8923 | Lair:1   | 8923 ||| Stepping randomly (stuck).
  8924 | Lair:1   | 8924 ||| Stepping randomly (stuck).
  8925 | Lair:1   | 8925 ||| Stepping randomly (stuck).
  8926 | Lair:1   | 8926 ||| Stepping randomly (stuck).
  8927 | Lair:1   | 8927 ||| Stepping randomly (stuck).
  8928 | Lair:1   | 8928 ||| Stepping randomly (stuck).
  8929 | Lair:1   | 8929 ||| Stepping randomly (stuck).
  8930 | Lair:1   | 8930 ||| Stepping randomly (stuck).
  8931 | Lair:1   | 8931 ||| Stepping randomly (stuck).
  8932 | Lair:1   | 8932 ||| Stepping randomly (stuck).
  8933 | Lair:1   | 8933 ||| Stepping randomly (stuck).
  8934 | Lair:1   | 8934 ||| Stepping randomly (stuck).
  8935 | Lair:1   | 8935 ||| Stepping randomly (stuck).
  8936 | Lair:1   | 8936 ||| Stepping randomly (stuck).
  8937 | Lair:1   | 8937 ||| Stepping randomly (stuck).
  8938 | Lair:1   | 8938 ||| Stepping randomly (stuck).
  8939 | Lair:1   | 8939 ||| Stepping randomly (stuck).
  8940 | Lair:1   | 8940 ||| Stepping randomly (stuck).
  8941 | Lair:1   | 8941 ||| Stepping randomly (stuck).
  8942 | Lair:1   | 8942 ||| Stepping randomly (stuck).
  8943 | Lair:1   | 8943 ||| Stepping randomly (stuck).
  8944 | Lair:1   | 8944 ||| Stepping randomly (stuck).
  8945 | Lair:1   | 8945 ||| Stepping randomly (stuck).
  8946 | Lair:1   | 8946 ||| Stepping randomly (stuck).
  8947 | Lair:1   | 8947 ||| Stepping randomly (stuck).
  8948 | Lair:1   | 8948 ||| Stepping randomly (stuck).
  8949 | Lair:1   | 8949 ||| Stepping randomly (stuck).
  8950 | Lair:1   | 8950 ||| Stepping randomly (stuck).
  8951 | Lair:1   | 8951 ||| Stepping randomly (stuck).
  8952 | Lair:1   | 8952 ||| Stepping randomly (stuck).
  8953 | Lair:1   | 8953 ||| Stepping randomly (stuck).
  8954 | Lair:1   | 8954 ||| Stepping randomly (stuck).
  8955 | Lair:1   | 8955 ||| Stepping randomly (stuck).
  8956 | Lair:1   | 8956 ||| Stepping randomly (stuck).
  8957 | Lair:1   | 8957 ||| Stepping randomly (stuck).
  8958 | Lair:1   | 8958 ||| Stepping randomly (stuck).
  8959 | Lair:1   | 8959 ||| Stepping randomly (stuck).
  8960 | Lair:1   | 8960 ||| Stepping randomly (stuck).
  8961 | Lair:1   | 8961 ||| Stepping randomly (stuck).
  8962 | Lair:1   | 8962 ||| Stepping randomly (stuck).
  8963 | Lair:1   | 8963 ||| Stepping randomly (stuck).
  8964 | Lair:1   | 8964 ||| Stepping randomly (stuck).
  8965 | Lair:1   | 8965 ||| Stepping randomly (stuck).
  8966 | Lair:1   | 8966 ||| Stepping randomly (stuck).
  8967 | Lair:1   | 8967 ||| Stepping randomly (stuck).
  8968 | Lair:1   | 8968 ||| Stepping randomly (stuck).
  8969 | Lair:1   | 8969 ||| Stepping randomly (stuck).
  8970 | Lair:1   | 8970 ||| Stepping randomly (stuck).
  8971 | Lair:1   | 8971 ||| Stepping randomly (stuck).
  8972 | Lair:1   | 8972 ||| Stepping randomly (stuck).
  8973 | Lair:1   | 8973 ||| Stepping randomly (stuck).
  8974 | Lair:1   | 8974 ||| Stepping randomly (stuck).
  8975 | Lair:1   | 8975 ||| Stepping randomly (stuck).
  8976 | Lair:1   | 8976 ||| Stepping randomly (stuck).
  8977 | Lair:1   | 8977 ||| Stepping randomly (stuck).
  8978 | Lair:1   | 8978 ||| Stepping randomly (stuck).
  8979 | Lair:1   | 8979 ||| Stepping randomly (stuck).
  8980 | Lair:1   | 8980 ||| Stepping randomly (stuck).
  8981 | Lair:1   | 8981 ||| Stepping randomly (stuck).
  8982 | Lair:1   | 8982 ||| Stepping randomly (stuck).
  8983 | Lair:1   | 8983 ||| Stepping randomly (stuck).
  8984 | Lair:1   | 8984 ||| Stepping randomly (stuck).
  8985 | Lair:1   | 8985 ||| Stepping randomly (stuck).
  8986 | Lair:1   | 8986 ||| Stepping randomly (stuck).
  8987 | Lair:1   | 8987 ||| Stepping randomly (stuck).
  8988 | Lair:1   | 8988 ||| Stepping randomly (stuck).
  8989 | Lair:1   | 8989 ||| Stepping randomly (stuck).
  8990 | Lair:1   | 8990 ||| Stepping randomly (stuck).
  8991 | Lair:1   | 8991 ||| Stepping randomly (stuck).
  8992 | Lair:1   | 8992 ||| Stepping randomly (stuck).
  8993 | Lair:1   | 8993 ||| Stepping randomly (stuck).
  8994 | Lair:1   | 8994 ||| Stepping randomly (stuck).
  8995 | Lair:1   | 8995 ||| Stepping randomly (stuck).
  8996 | Lair:1   | 8996 ||| Stepping randomly (stuck).
  8997 | Lair:1   | 8997 ||| Stepping randomly (stuck).
  8998 | Lair:1   | 8998 ||| Stepping randomly (stuck).
  8999 | Lair:1   | 8999 ||| Stepping randomly (stuck).
  9000 | Lair:1   | 9000 ||| Stepping randomly (stuck).
  9001 | Lair:1   | 9001 ||| Stepping randomly (stuck).
  9002 | Lair:1   | 9002 ||| Stepping randomly (stuck).
  9003 | Lair:1   | 9003 ||| Stepping randomly (stuck).
  9004 | Lair:1   | 9004 ||| Stepping randomly (stuck).
  9005 | Lair:1   | 9005 ||| Stepping randomly (stuck).
  9006 | Lair:1   | 9006 ||| Stepping randomly (stuck).
  9007 | Lair:1   | 9007 ||| Stepping randomly (stuck).
  9008 | Lair:1   | 9008 ||| Stepping randomly (stuck).
  9009 | Lair:1   | 9009 ||| Stepping randomly (stuck).
  9010 | Lair:1   | 9010 ||| Stepping randomly (stuck).
  9011 | Lair:1   | 9011 ||| Stepping randomly (stuck).
  9012 | Lair:1   | 9012 ||| Stepping randomly (stuck).
  9013 | Lair:1   | 9013 ||| Stepping randomly (stuck).
  9014 | Lair:1   | 9014 ||| Stepping randomly (stuck).
  9015 | Lair:1   | 9015 ||| Stepping randomly (stuck).
  9016 | Lair:1   | 9016 ||| Stepping randomly (stuck).
  9017 | Lair:1   | 9017 ||| Stepping randomly (stuck).
  9018 | Lair:1   | 9018 ||| Stepping randomly (stuck).
  9019 | Lair:1   | 9019 ||| Stepping randomly (stuck).
  9020 | Lair:1   | 9020 ||| Stepping randomly (stuck).
  9021 | Lair:1   | 9021 ||| Stepping randomly (stuck).
  9022 | Lair:1   | 9022 ||| Stepping randomly (stuck).
  9023 | Lair:1   | 9023 ||| Stepping randomly (stuck).
  9024 | Lair:1   | 9024 ||| Stepping randomly (stuck).
  9025 | Lair:1   | 9025 ||| Stepping randomly (stuck).
  9026 | Lair:1   | 9026 ||| Stepping randomly (stuck).
  9027 | Lair:1   | 9027 ||| Stepping randomly (stuck).
  9028 | Lair:1   | 9028 ||| Stepping randomly (stuck).
  9029 | Lair:1   | 9029 ||| Stepping randomly (stuck).
  9030 | Lair:1   | 9030 ||| Stepping randomly (stuck).
  9031 | Lair:1   | 9031 ||| Stepping randomly (stuck).
  9032 | Lair:1   | 9032 ||| Stepping randomly (stuck).
  9033 | Lair:1   | 9033 ||| Stepping randomly (stuck).
  9034 | Lair:1   | 9034 ||| Stepping randomly (stuck).
  9035 | Lair:1   | 9035 ||| Stepping randomly (stuck).
  9036 | Lair:1   | 9036 ||| Stepping randomly (stuck).
  9037 | Lair:1   | 9037 ||| Stepping randomly (stuck).
  9038 | Lair:1   | 9038 ||| Stepping randomly (stuck).
  9039 | Lair:1   | 9039 ||| Stepping randomly (stuck).
  9040 | Lair:1   | 9040 ||| Stepping randomly (stuck).
  9041 | Lair:1   | 9041 ||| Stepping randomly (stuck).
  9042 | Lair:1   | 9042 ||| Stepping randomly (stuck).
  9043 | Lair:1   | 9043 ||| Stepping randomly (stuck).
  9044 | Lair:1   | 9044 ||| Stepping randomly (stuck).
  9045 | Lair:1   | 9045 ||| Stepping randomly (stuck).
  9046 | Lair:1   | 9046 ||| Stepping randomly (stuck).
  9047 | Lair:1   | 9047 ||| Stepping randomly (stuck).
  9048 | Lair:1   | 9048 ||| Stepping randomly (stuck).
  9049 | Lair:1   | 9049 ||| Stepping randomly (stuck).
  9050 | Lair:1   | 9050 ||| Stepping randomly (stuck).
  9051 | Lair:1   | 9051 ||| Stepping randomly (stuck).
  9052 | Lair:1   | 9052 ||| Stepping randomly (stuck).
  9053 | Lair:1   | 9053 ||| Stepping randomly (stuck).
  9054 | Lair:1   | 9054 ||| Stepping randomly (stuck).
  9055 | Lair:1   | 9055 ||| Stepping randomly (stuck).
  9056 | Lair:1   | 9056 ||| Stepping randomly (stuck).
  9057 | Lair:1   | 9057 ||| Stepping randomly (stuck).
  9058 | Lair:1   | 9058 ||| Stepping randomly (stuck).
  9059 | Lair:1   | 9059 ||| Stepping randomly (stuck).
  9060 | Lair:1   | 9060 ||| Stepping randomly (stuck).
  9061 | Lair:1   | 9061 ||| Stepping randomly (stuck).
  9062 | Lair:1   | 9062 ||| Stepping randomly (stuck).
  9063 | Lair:1   | 9063 ||| Stepping randomly (stuck).
  9064 | Lair:1   | 9064 ||| Stepping randomly (stuck).
  9065 | Lair:1   | 9065 ||| Stepping randomly (stuck).
  9066 | Lair:1   | 9066 ||| Stepping randomly (stuck).
  9067 | Lair:1   | 9067 ||| Stepping randomly (stuck).
  9068 | Lair:1   | 9068 ||| Stepping randomly (stuck).
  9069 | Lair:1   | 9069 ||| Stepping randomly (stuck).
  9070 | Lair:1   | 9070 ||| Stepping randomly (stuck).
  9071 | Lair:1   | 9071 ||| Stepping randomly (stuck).
  9072 | Lair:1   | 9072 ||| Stepping randomly (stuck).
  9073 | Lair:1   | 9073 ||| Stepping randomly (stuck).
  9074 | Lair:1   | 9074 ||| Stepping randomly (stuck).
  9075 | Lair:1   | 9075 ||| Stepping randomly (stuck).
  9076 | Lair:1   | 9076 ||| Stepping randomly (stuck).
  9077 | Lair:1   | 9077 ||| Stepping randomly (stuck).
  9078 | Lair:1   | 9078 ||| Stepping randomly (stuck).
  9079 | Lair:1   | 9079 ||| Stepping randomly (stuck).
  9080 | Lair:1   | 9080 ||| Stepping randomly (stuck).
  9081 | Lair:1   | 9081 ||| Stepping randomly (stuck).
  9082 | Lair:1   | 9082 ||| Stepping randomly (stuck).
  9083 | Lair:1   | 9083 ||| Stepping randomly (stuck).
  9084 | Lair:1   | 9084 ||| Stepping randomly (stuck).
  9085 | Lair:1   | 9085 ||| Stepping randomly (stuck).
  9086 | Lair:1   | 9086 ||| Stepping randomly (stuck).
  9087 | Lair:1   | 9087 ||| Stepping randomly (stuck).
  9088 | Lair:1   | 9088 ||| Stepping randomly (stuck).
  9089 | Lair:1   | 9089 ||| Stepping randomly (stuck).
  9090 | Lair:1   | 9090 ||| Stepping randomly (stuck).
  9091 | Lair:1   | 9091 ||| Stepping randomly (stuck).
  9092 | Lair:1   | 9092 ||| Stepping randomly (stuck).
  9093 | Lair:1   | 9093 ||| Stepping randomly (stuck).
  9094 | Lair:1   | 9094 ||| Stepping randomly (stuck).
  9095 | Lair:1   | 9095 ||| Stepping randomly (stuck).
  9096 | Lair:1   | 9096 ||| Stepping randomly (stuck).
  9097 | Lair:1   | 9097 ||| Stepping randomly (stuck).
  9098 | Lair:1   | 9098 ||| Stepping randomly (stuck).
  9099 | Lair:1   | 9099 ||| Stepping randomly (stuck).
  9100 | Lair:1   | 9100 ||| Stepping randomly (stuck).
  9101 | Lair:1   | 9101 ||| Stepping randomly (stuck).
  9102 | Lair:1   | 9102 ||| Stepping randomly (stuck).
  9103 | Lair:1   | 9103 ||| Stepping randomly (stuck).
  9104 | Lair:1   | 9104 ||| Stepping randomly (stuck).
  9105 | Lair:1   | 9105 ||| Stepping randomly (stuck).
  9106 | Lair:1   | 9106 ||| Stepping randomly (stuck).
  9107 | Lair:1   | 9107 ||| Stepping randomly (stuck).
  9108 | Lair:1   | 9108 ||| Stepping randomly (stuck).
  9109 | Lair:1   | 9109 ||| Stepping randomly (stuck).
  9110 | Lair:1   | 9110 ||| Stepping randomly (stuck).
  9111 | Lair:1   | 9111 ||| Stepping randomly (stuck).
  9112 | Lair:1   | 9112 ||| Stepping randomly (stuck).
  9113 | Lair:1   | 9113 ||| Stepping randomly (stuck).
  9114 | Lair:1   | 9114 ||| Stepping randomly (stuck).
  9115 | Lair:1   | 9115 ||| Stepping randomly (stuck).
  9116 | Lair:1   | 9116 ||| Stepping randomly (stuck).
  9117 | Lair:1   | 9117 ||| Stepping randomly (stuck).
  9118 | Lair:1   | 9118 ||| Stepping randomly (stuck).
  9119 | Lair:1   | 9119 ||| Stepping randomly (stuck).
  9120 | Lair:1   | 9120 ||| Stepping randomly (stuck).
  9121 | Lair:1   | 9121 ||| Stepping randomly (stuck).
  9122 | Lair:1   | 9122 ||| Stepping randomly (stuck).
  9123 | Lair:1   | 9123 ||| Stepping randomly (stuck).
  9124 | Lair:1   | 9124 ||| Stepping randomly (stuck).
  9125 | Lair:1   | 9125 ||| Stepping randomly (stuck).
  9126 | Lair:1   | 9126 ||| Stepping randomly (stuck).
  9127 | Lair:1   | 9127 ||| Stepping randomly (stuck).
  9128 | Lair:1   | 9128 ||| Stepping randomly (stuck).
  9129 | Lair:1   | 9129 ||| Stepping randomly (stuck).
  9130 | Lair:1   | 9130 ||| Stepping randomly (stuck).
  9131 | Lair:1   | 9131 ||| Stepping randomly (stuck).
  9132 | Lair:1   | 9132 ||| Stepping randomly (stuck).
  9133 | Lair:1   | 9133 ||| Stepping randomly (stuck).
  9134 | Lair:1   | 9134 ||| Stepping randomly (stuck).
  9135 | Lair:1   | 9135 ||| Stepping randomly (stuck).
  9136 | Lair:1   | 9136 ||| Stepping randomly (stuck).
  9137 | Lair:1   | 9137 ||| Stepping randomly (stuck).
  9138 | Lair:1   | 9138 ||| Stepping randomly (stuck).
  9139 | Lair:1   | 9139 ||| Stepping randomly (stuck).
  9140 | Lair:1   | 9140 ||| Stepping randomly (stuck).
  9141 | Lair:1   | 9141 ||| Stepping randomly (stuck).
  9142 | Lair:1   | 9142 ||| Stepping randomly (stuck).
  9143 | Lair:1   | 9143 ||| Stepping randomly (stuck).
  9144 | Lair:1   | 9144 ||| Stepping randomly (stuck).
  9145 | Lair:1   | 9145 ||| Stepping randomly (stuck).
  9146 | Lair:1   | 9146 ||| Stepping randomly (stuck).
  9147 | Lair:1   | 9147 ||| Stepping randomly (stuck).
  9148 | Lair:1   | 9148 ||| Stepping randomly (stuck).
  9149 | Lair:1   | 9149 ||| Stepping randomly (stuck).
  9150 | Lair:1   | 9150 ||| Stepping randomly (stuck).
  9151 | Lair:1   | 9151 ||| Stepping randomly (stuck).
  9152 | Lair:1   | 9152 ||| Stepping randomly (stuck).
  9153 | Lair:1   | 9153 ||| Stepping randomly (stuck).
  9154 | Lair:1   | 9154 ||| Stepping randomly (stuck).
  9155 | Lair:1   | 9155 ||| Stepping randomly (stuck).
  9156 | Lair:1   | 9156 ||| Stepping randomly (stuck).
  9157 | Lair:1   | 9157 ||| Stepping randomly (stuck).
  9158 | Lair:1   | 9158 ||| Stepping randomly (stuck).
  9159 | Lair:1   | 9159 ||| Stepping randomly (stuck).
  9160 | Lair:1   | 9160 ||| Stepping randomly (stuck).
  9161 | Lair:1   | 9161 ||| Stepping randomly (stuck).
  9162 | Lair:1   | 9162 ||| Stepping randomly (stuck).
  9163 | Lair:1   | 9163 ||| Stepping randomly (stuck).
  9164 | Lair:1   | 9164 ||| Stepping randomly (stuck).
  9165 | Lair:1   | 9165 ||| Stepping randomly (stuck).
  9166 | Lair:1   | 9166 ||| Stepping randomly (stuck).
  9167 | Lair:1   | 9167 ||| Stepping randomly (stuck).
  9168 | Lair:1   | 9168 ||| Stepping randomly (stuck).
  9169 | Lair:1   | 9169 ||| Stepping randomly (stuck).
  9170 | Lair:1   | 9170 ||| Stepping randomly (stuck).
  9171 | Lair:1   | 9171 ||| Stepping randomly (stuck).
  9172 | Lair:1   | 9172 ||| Stepping randomly (stuck).
  9173 | Lair:1   | 9173 ||| Stepping randomly (stuck).
  9174 | Lair:1   | 9174 ||| Stepping randomly (stuck).
  9175 | Lair:1   | 9175 ||| Stepping randomly (stuck).
  9176 | Lair:1   | 9176 ||| Stepping randomly (stuck).
  9177 | Lair:1   | 9177 ||| Stepping randomly (stuck).
  9178 | Lair:1   | 9178 ||| Stepping randomly (stuck).
  9179 | Lair:1   | 9179 ||| Stepping randomly (stuck).
  9180 | Lair:1   | 9180 ||| Stepping randomly (stuck).
  9181 | Lair:1   | 9181 ||| Stepping randomly (stuck).
  9182 | Lair:1   | 9182 ||| Stepping randomly (stuck).
  9183 | Lair:1   | 9183 ||| Stepping randomly (stuck).
  9184 | Lair:1   | 9184 ||| Stepping randomly (stuck).
  9185 | Lair:1   | 9185 ||| Stepping randomly (stuck).
  9186 | Lair:1   | 9186 ||| Stepping randomly (stuck).
  9187 | Lair:1   | 9187 ||| Stepping randomly (stuck).
  9188 | Lair:1   | 9188 ||| Stepping randomly (stuck).
  9189 | Lair:1   | 9189 ||| Stepping randomly (stuck).
  9190 | Lair:1   | 9190 ||| Stepping randomly (stuck).
  9191 | Lair:1   | 9191 ||| Stepping randomly (stuck).
  9192 | Lair:1   | 9192 ||| Stepping randomly (stuck).
  9193 | Lair:1   | 9193 ||| Stepping randomly (stuck).
  9194 | Lair:1   | 9194 ||| Stepping randomly (stuck).
  9195 | Lair:1   | 9195 ||| Stepping randomly (stuck).
  9196 | Lair:1   | 9196 ||| Stepping randomly (stuck).
  9197 | Lair:1   | 9197 ||| Stepping randomly (stuck).
  9198 | Lair:1   | 9198 ||| Stepping randomly (stuck).
  9199 | Lair:1   | 9199 ||| Stepping randomly (stuck).
  9200 | Lair:1   | 9200 ||| Stepping randomly (stuck).
  9201 | Lair:1   | 9201 ||| Stepping randomly (stuck).
  9202 | Lair:1   | 9202 ||| Stepping randomly (stuck).
  9203 | Lair:1   | 9203 ||| Stepping randomly (stuck).
  9204 | Lair:1   | 9204 ||| Stepping randomly (stuck).
  9205 | Lair:1   | 9205 ||| Stepping randomly (stuck).
  9206 | Lair:1   | 9206 ||| Stepping randomly (stuck).
  9207 | Lair:1   | 9207 ||| Stepping randomly (stuck).
  9208 | Lair:1   | 9208 ||| Stepping randomly (stuck).
  9209 | Lair:1   | 9209 ||| Stepping randomly (stuck).
  9210 | Lair:1   | 9210 ||| Stepping randomly (stuck).
  9211 | Lair:1   | 9211 ||| Stepping randomly (stuck).
  9212 | Lair:1   | 9212 ||| Stepping randomly (stuck).
  9213 | Lair:1   | 9213 ||| Stepping randomly (stuck).
  9214 | Lair:1   | 9214 ||| Stepping randomly (stuck).
  9215 | Lair:1   | 9215 ||| Stepping randomly (stuck).
  9216 | Lair:1   | 9216 ||| Stepping randomly (stuck).
  9217 | Lair:1   | 9217 ||| Stepping randomly (stuck).
  9218 | Lair:1   | 9218 ||| Stepping randomly (stuck).
  9219 | Lair:1   | 9219 ||| Stepping randomly (stuck).
  9220 | Lair:1   | 9220 ||| Stepping randomly (stuck).
  9221 | Lair:1   | 9221 ||| Stepping randomly (stuck).
  9222 | Lair:1   | 9222 ||| Stepping randomly (stuck).
  9223 | Lair:1   | 9223 ||| Stepping randomly (stuck).
  9224 | Lair:1   | 9224 ||| Stepping randomly (stuck).
  9225 | Lair:1   | 9225 ||| Stepping randomly (stuck).
  9226 | Lair:1   | 9226 ||| Stepping randomly (stuck).
  9227 | Lair:1   | 9227 ||| Stepping randomly (stuck).
  9228 | Lair:1   | 9228 ||| Stepping randomly (stuck).
  9229 | Lair:1   | 9229 ||| Stepping randomly (stuck).
  9230 | Lair:1   | 9230 ||| Stepping randomly (stuck).
  9231 | Lair:1   | 9231 ||| Stepping randomly (stuck).
  9232 | Lair:1   | 9232 ||| Stepping randomly (stuck).
  9233 | Lair:1   | 9233 ||| Stepping randomly (stuck).
  9234 | Lair:1   | 9234 ||| Stepping randomly (stuck).
  9235 | Lair:1   | 9235 ||| Stepping randomly (stuck).
  9236 | Lair:1   | 9236 ||| Stepping randomly (stuck).
  9237 | Lair:1   | 9237 ||| Stepping randomly (stuck).
  9238 | Lair:1   | 9238 ||| Stepping randomly (stuck).
  9239 | Lair:1   | 9239 ||| Stepping randomly (stuck).
  9240 | Lair:1   | 9240 ||| Stepping randomly (stuck).
  9241 | Lair:1   | 9241 ||| Stepping randomly (stuck).
  9242 | Lair:1   | 9242 ||| Stepping randomly (stuck).
  9243 | Lair:1   | 9243 ||| Stepping randomly (stuck).
  9244 | Lair:1   | 9244 ||| Stepping randomly (stuck).
  9245 | Lair:1   | 9245 ||| Stepping randomly (stuck).
  9246 | Lair:1   | 9246 ||| Stepping randomly (stuck).
  9247 | Lair:1   | 9247 ||| Stepping randomly (stuck).
  9248 | Lair:1   | 9248 ||| Stepping randomly (stuck).
  9249 | Lair:1   | 9249 ||| Stepping randomly (stuck).
  9250 | Lair:1   | 9250 ||| Stepping randomly (stuck).
  9251 | Lair:1   | 9251 ||| Stepping randomly (stuck).
  9252 | Lair:1   | 9252 ||| Stepping randomly (stuck).
  9253 | Lair:1   | 9253 ||| Stepping randomly (stuck).
  9254 | Lair:1   | 9254 ||| Stepping randomly (stuck).
  9255 | Lair:1   | 9255 ||| Stepping randomly (stuck).
  9256 | Lair:1   | 9256 ||| Stepping randomly (stuck).
  9257 | Lair:1   | 9257 ||| Stepping randomly (stuck).
  9258 | Lair:1   | 9258 ||| Stepping randomly (stuck).
  9259 | Lair:1   | 9259 ||| Stepping randomly (stuck).
  9260 | Lair:1   | 9260 ||| Stepping randomly (stuck).
  9261 | Lair:1   | 9261 ||| Stepping randomly (stuck).
  9262 | Lair:1   | 9262 ||| Stepping randomly (stuck).
  9263 | Lair:1   | 9263 ||| Stepping randomly (stuck).
  9264 | Lair:1   | 9264 ||| Stepping randomly (stuck).
  9265 | Lair:1   | 9265 ||| Stepping randomly (stuck).
  9266 | Lair:1   | 9266 ||| Stepping randomly (stuck).
  9267 | Lair:1   | 9267 ||| Stepping randomly (stuck).
  9268 | Lair:1   | 9268 ||| Stepping randomly (stuck).
  9269 | Lair:1   | 9269 ||| Stepping randomly (stuck).
  9270 | Lair:1   | 9270 ||| Stepping randomly (stuck).
  9271 | Lair:1   | 9271 ||| Stepping randomly (stuck).
  9272 | Lair:1   | 9272 ||| Stepping randomly (stuck).
  9273 | Lair:1   | 9273 ||| Stepping randomly (stuck).
  9274 | Lair:1   | 9274 ||| Stepping randomly (stuck).
  9275 | Lair:1   | 9275 ||| Stepping randomly (stuck).
  9276 | Lair:1   | 9276 ||| Stepping randomly (stuck).
  9277 | Lair:1   | 9277 ||| Stepping randomly (stuck).
  9278 | Lair:1   | 9278 ||| Stepping randomly (stuck).
  9279 | Lair:1   | 9279 ||| Stepping randomly (stuck).
  9280 | Lair:1   | 9280 ||| Stepping randomly (stuck).
  9281 | Lair:1   | 9281 ||| Stepping randomly (stuck).
  9282 | Lair:1   | 9282 ||| Stepping randomly (stuck).
  9283 | Lair:1   | 9283 ||| Stepping randomly (stuck).
  9284 | Lair:1   | 9284 ||| Stepping randomly (stuck).
  9285 | Lair:1   | 9285 ||| Stepping randomly (stuck).
  9286 | Lair:1   | 9286 ||| Stepping randomly (stuck).
  9287 | Lair:1   | 9287 ||| Stepping randomly (stuck).
  9288 | Lair:1   | 9288 ||| Stepping randomly (stuck).
  9289 | Lair:1   | 9289 ||| Stepping randomly (stuck).
  9290 | Lair:1   | 9290 ||| Stepping randomly (stuck).
  9291 | Lair:1   | 9291 ||| Stepping randomly (stuck).
  9292 | Lair:1   | 9292 ||| Stepping randomly (stuck).
  9293 | Lair:1   | 9293 ||| Stepping randomly (stuck).
  9294 | Lair:1   | 9294 ||| Stepping randomly (stuck).
  9295 | Lair:1   | 9295 ||| Stepping randomly (stuck).
  9296 | Lair:1   | 9296 ||| Stepping randomly (stuck).
  9297 | Lair:1   | 9297 ||| Stepping randomly (stuck).
  9298 | Lair:1   | 9298 ||| Stepping randomly (stuck).
  9299 | Lair:1   | 9299 ||| Stepping randomly (stuck).
  9300 | Lair:1   | 9300 ||| Stepping randomly (stuck).
  9301 | Lair:1   | 9301 ||| Stepping randomly (stuck).
  9302 | Lair:1   | 9302 ||| Stepping randomly (stuck).
  9303 | Lair:1   | 9303 ||| Stepping randomly (stuck).
  9304 | Lair:1   | 9304 ||| Stepping randomly (stuck).
  9305 | Lair:1   | 9305 ||| Stepping randomly (stuck).
  9306 | Lair:1   | 9306 ||| Stepping randomly (stuck).
  9307 | Lair:1   | 9307 ||| Stepping randomly (stuck).
  9308 | Lair:1   | 9308 ||| Stepping randomly (stuck).
  9309 | Lair:1   | 9309 ||| Stepping randomly (stuck).
  9310 | Lair:1   | 9310 ||| Stepping randomly (stuck).
  9311 | Lair:1   | 9311 ||| Stepping randomly (stuck).
  9312 | Lair:1   | 9312 ||| Stepping randomly (stuck).
  9313 | Lair:1   | 9313 ||| Stepping randomly (stuck).
  9314 | Lair:1   | 9314 ||| Stepping randomly (stuck).
  9315 | Lair:1   | 9315 ||| Stepping randomly (stuck).
  9316 | Lair:1   | 9316 ||| Stepping randomly (stuck).
  9317 | Lair:1   | 9317 ||| Stepping randomly (stuck).
  9318 | Lair:1   | 9318 ||| Stepping randomly (stuck).
  9319 | Lair:1   | 9319 ||| Stepping randomly (stuck).
  9320 | Lair:1   | 9320 ||| Stepping randomly (stuck).
  9321 | Lair:1   | 9321 ||| Stepping randomly (stuck).
  9322 | Lair:1   | 9322 ||| Stepping randomly (stuck).
  9323 | Lair:1   | Quit the game

Levels and vault maps discovered:
D:1:      spicycebolla_green_bress_n_ham_2, layout_basic,
          chequers_serial_rivers_large_a, minmay_lizard_king
D:2:      layout_basic, hellmonk_ecumenical_altar_heavens_door, serial_shops,
          nicolae_square_shop, grunt_ministairs_9, dreamdust_princess_corridor,
          nicolae_eternal_life, st_stairs_1
D:3:      layout_loops_ring, serial_shops, nicolae_shop_waterfront
D:4:      layout_loops_corners, mainiacjoe_overflow_surrounded_room, uniq_edmund
D:5:      layout_loops_ring, minitemple, nicolae_wu_jian_glorious_leap
D:6:      minmay_angry_zag, layout_basic, grunt_dithmenos_smoke,
          lemuel_zombie_altar_kikubaaqudgha
D:7:      minmay_the_grid_plus [minmay_the_grid_mess,
          minmay_the_grid_minigrid_small_alt, minmay_the_grid_odd_star,
          minmay_the_grid_armoury, minmay_the_grid_prize_diamond_cup],
          layout_cave_pools, nicolae_overflow_crystal_walls, lemuel_round_altar,
          minmay_temple_entry_glassed_door, hangedman_decor_diamond_cutter
D:8:      layout_loops_cross, erik_lair_island, minivault_27,
          minmay_misc_feat_more_columns, uniq_maggie, uniq_gastronok
Lair:1:   layout_loops_ring, serial_forest, infiniplex_forest_clump_large,
          infiniplex_forest_lined_4_way, infiniplex_forest_end_1,
          infiniplex_forest_zigzag_1, infiniplex_forest_clump_curved,
          infiniplex_forest_clump_small, uniq_urug

Skill      XL: |  1  2  3  4  5  6  7  8  9 10 11 |
---------------+----------------------------------+-----
Unarmed Combat | 4 5 6 7 8 10 12 13 15 | 15.0
Throwing       | 1 2 3 4 5 |  5.1
Fighting       | 3 4 5 6 |  6.3
Dodging        | 1 2 3 4 |  4.1
Armour         | 4 |  4.0
Spellcasting   | |  1.0
Fire Magic     | |  2.1

Action                   |  1- 3 |  4- 6 |  7- 9 | 10-12 || total
-------------------------+-------+-------+-------+-------++-------
Melee: Unarmed           |   129 |    70 |   131 |   197 ||   527
       Punch             |     1 |       |     3 |    13 ||    17
Throw: Large rock        |       |    20 |    53 |    24 ||    97
       Javelin           |       |       |     8 |     9 ||    17
       Boomerang         |       |       |     1 |    12 ||    13
Invok: Fiery Armour      |     1 |     1 |     3 |     7 ||    12
  Use: Scroll            |     7 |       |    10 |     7 ||    24
       Potion            |     1 |     1 |     2 |     2 ||     6
Armor: Robe              |    56 |    16 |    51 |    34 ||   157
       Acid dragon scale |       |       |       |    29 ||    29
Dodge: Dodged            |    67 |    30 |    65 |    66 ||   228
Block: Other             |       |       |    20 |    39 ||    59
       Reflection        |       |       |     5 |     4 ||     9

Table legend:
 A = Non-vault XP
 B = Vault XP
 C = Vault XP percentage of total XP
 D = Non-vault monster count
 E = Vault monster count
 F = Vault count percentage of total count
                 A         B        C        D         E       F
            +---------+---------+-------+---------+---------+-------
      Total |   11613 |    6502 |  35.9 |     181 |      44 |  19.6
            +---------+---------+-------+---------+---------+-------
        D:1 |      28 |       8 |  22.2 |      16 |       8 |  33.3
        D:2 |      11 |      11 |  50.0 |       6 |       4 |  40.0
        D:3 |     276 |       0 |   0.0 |      25 |       0 |   0.0
        D:4 |     381 |     149 |  28.1 |      18 |       1 |   5.3
        D:5 |     328 |       0 |   0.0 |      13 |       0 |   0.0
        D:6 |    1925 |     102 |   5.0 |      28 |       5 |  15.2
        D:7 |     546 |    2686 |  83.1 |      15 |      15 |  50.0
        D:8 |    2121 |    2758 |  56.5 |      38 |      10 |  20.8
     Lair:1 |    5997 |     788 |  11.6 |      22 |       1 |   4.3
            +---------+---------+-------+---------+---------+-------
